 Dungeon Crawl Stone Soup version 0.32-a0-612-g1c984fe9d1 (webtiles) character file.

Game seed: 1124942173307691697

10178254 sleeves the Ruinous (level 27, 254/254 HPs)
             Began as a Pale Draconian Alchemist on Mar 4, 2024.
             Was a High Priest of Sif Muna.
             Escaped with the Orb
             ... and 15 runes on Mar 5, 2024!
             The game lasted 07:45:45 (163987 turns).

sleeves the Ruinous (Pale Draconian Alchemist)    Turns: 163987, Time: 07:45:45

Health: 254/254    AC: 28    Str: 20    XL:     27
Magic:  49/49      EV: 20    Int: 39    God:    Sif Muna [*****.]
Gold:   6336       SH: 18    Dex: 13    Spells: 12/70 levels left

rFire   + + .        b - +3 Elemental Staff {ele, rElec rF+ rC+ AC+3}
rCold   + + +        C - +5 kite shield {rF+}
rNeg    + + +        (body armour unavailable)
rPois   ∞            v - +2 hat {Stlth+}
rElec   +            q - +2 cloak {Will+}
rCorr   .            i - +2 pair of gloves "Toufas" {rPois Str+4}
SInv    .            U - +3 pair of mountain boots {steadfast, rC+}
Will    ++++.        A - amulet "Ehalum" {rN+ Regen+ RegenMP+ Int+3 Slay+2}
Stlth   +++          t - ring of Gontuorch {EV+5 Str+4 Int+3}
HPRegen 1.42/turn    W - ring "Zaoff" {rN++ Int+6}
MPRegen 0.71/turn

%: no passive effects
@: death-form, studying 3 skills
A: vile attack, torment immunity, no potions, (steam breath), AC +13, unfitting
armour, cold-blooded, steam resistance, horns 1, stinger 1
0: Orb of Zot
}: 15/15 runes: decaying, serpentine, slimy, silver, golden, iron, obsidian,
icy, bone, abyssal, demonic, glowing, magical, fiery, dark
a: Siphon Essence, Begin Untransformation, Renounce Religion, Channel Magic,
Forget Spell, Divine Exegesis


You escaped.
You worshipped Sif Muna.
Sif Muna was extremely pleased with you.
You were an undying horror.
You visited 18 branches of the dungeon, and saw 88 of its levels.
You visited Pandemonium 3 times, and saw 23 of its levels.
You visited the Abyss 4 times.
You visited 1 ziggurat, and saw 16 of its levels.
You also visited: Trove, Sewer, Ossuary and Desolation.

You collected 15095 gold pieces.
You spent 8759 gold pieces at shops.

Inventory:

Hand Weapons
 b - the +3 Elemental Staff (weapon) {ele, rElec rF+ rC+ AC+3}
   (You took it off an occultist on level 3 of the Depths)

   AC+3:      It affects your AC (+3).
   rF+:       It protects you from fire.
   rC+:       It protects you from cold.
   rElec:     It insulates you from electricity.
 Z - the +8 demon blade "Leech" {evervamp, Harm ^Drain rN+}
   (You took it off an imperial myrmidon in the Desolation of Salt)

   rN+:       It protects you from negative energy.
   ^Drain:    It drains your maximum health when unequipped.
   Harm:      It increases damage dealt and taken.
Armour
 i - the +2 pair of gloves "Toufas" (worn) {rPois Str+4}
   (You acquired it on level 3 of the Lair of Beasts)

   Str+4:     It affects your strength (+4).
   rPois:     It protects you from poison.
 q - a +2 cloak of willpower (worn)
   (You took it off a draconian scorcher on level 5 of the Realm of Zot)
 v - a +2 hat of stealth (worn)
   (You found it in Pandemonium)
 C - a +5 kite shield of fire resistance (worn)
   (You took it off a naga warrior on level 4 of the Snake Pit)
 U - the +3 pair of mountain boots (worn) {steadfast, rC+}
   (You acquired it on level 15 of the Dungeon)

   Steadfast: It prevents involuntary movement, except for blinking,
   teleportation, or banishment.
   rC+:       It protects you from cold.
Jewellery
 a - the amulet of the Air {Inacc Air Fly rElec RMsl}
   (You took it off Dispater on level 7 of the Iron City of Dis)

   [amulet of nothing]

   Inacc:     It reduces the accuracy of your attacks and spells.
   Air:       It enhances your air magic.
   rElec:     It insulates you from electricity.
   Fly:       It grants you flight.
   RMsl:      It protects you from missiles.
 c - the ring "Teziciv" {Fly rC+ Str+3 Stlth+}
   (You found it on level 12 of a ziggurat)

   [ring of flight]

   Str+3:     It affects your strength (+3).
   rC+:       It protects you from cold.
   Fly:       It grants you flight.
   Stlth+:    It makes you more stealthy.
 t - the ring of Gontuorch (left hand) {EV+5 Str+4 Int+3}
   (You found it on level 2 of the Crypt)

   [ring of evasion]

   EV+5:      It affects your evasion (+5).
   Str+4:     It affects your strength (+4).
   Int+3:     It affects your intelligence (+3).
 w - the ring "Egatik" {rCorr EV+5 Int-2 SInv Stlth+}
   (You took it off an occultist on level 3 of the Depths)

   [ring of evasion]

   EV+5:      It affects your evasion (+5).
   Int-2:     It affects your intelligence (-2).
   SInv:      It lets you see invisible.
   rCorr:     It protects you from acid and corrosion.
   Stlth+:    It makes you more stealthy.
 x - the ring of Res Nullius {*Corrode rN++ EV+5 Str+2}
   (You found it in a treasure trove)

   [ring of evasion]

   EV+5:      It affects your evasion (+5).
   Str+2:     It affects your strength (+2).
   rN++:      It greatly protects you from negative energy.
   *Corrode:  It may corrode you when you take damage.
 A - the amulet "Ehalum" (around neck) {rN+ Regen+ RegenMP+ Int+3 Slay+2}
   (You found it on level 3 of the Crypt)

   [amulet of magic regeneration]

   It increases your rate of magic regeneration.
   Int+3:     It affects your intelligence (+3).
   Slay+2:    It affects your accuracy & damage with ranged weapons and melee
   (+2).
   rN+:       It protects you from negative energy.
   Regen+:    It increases your rate of health regeneration.
   RegenMP+:  It increases your rate of magic regeneration.
 H - the ring "Puonos" {rC+ rN+ rCorr EV+5 Dex+2}
   (You took it off a guardian mummy on level 3 of the Crypt)

   [ring of evasion]

   EV+5:      It affects your evasion (+5).
   Dex+2:     It affects your dexterity (+2).
   rC+:       It protects you from cold.
   rN+:       It protects you from negative energy.
   rCorr:     It protects you from acid and corrosion.
 I - the ring of Hugaapity {rElec rF+ rN+++ MP-9 Str+3}
   (You took it off a necromancer on level 2 of the Depths)

   [ring of protection from fire]

   Str+3:     It affects your strength (+3).
   rF+:       It protects you from fire.
   rElec:     It insulates you from electricity.
   rN+++:     It renders you almost immune to negative energy.
   MP-9:      It affects your magic capacity (-9).
 M - the amulet "Luss" {Acrobat rPois Will+++ Str-2 Int-5}
   (You found it in the Desolation of Salt)

   [amulet of the acrobat]

   Acrobat:   It increases your evasion while moving and waiting.
   Str-2:     It affects your strength (-2).
   Int-5:     It affects your intelligence (-5).
   rPois:     It protects you from poison.
   Will+++:   It greatly increases your willpower.
 N - the ring "Ytzel" {rF+ rN+ Int+4 Dex+4 Slay-5}
   (You found it in the Desolation of Salt)

   [ring of positive energy]

   Int+4:     It affects your intelligence (+4).
   Dex+4:     It affects your dexterity (+4).
   Slay-5:    It affects your accuracy & damage with ranged weapons and melee
   (-5).
   rF+:       It protects you from fire.
   rN+:       It protects you from negative energy.
 O - the ring "Pacicooc" {rPois rN+ rCorr Int+3 Dex-2}
   (You took it off an imperial myrmidon in the Desolation of Salt)

   [ring of resist corrosion]

   Int+3:     It affects your intelligence (+3).
   Dex-2:     It affects your dexterity (-2).
   rPois:     It protects you from poison.
   rN+:       It protects you from negative energy.
   rCorr:     It protects you from acid and corrosion.
 W - the ring "Zaoff" (right hand) {rN++ Int+6}
   (You found it on level 3 of the Crypt)

   [ring of intelligence]

   Int+6:     It affects your intelligence (+6).
   rN++:      It greatly protects you from negative energy.
Talismans
 B - a talisman of death (active)
   (You found it on level 13 of a ziggurat)
Wands
 g - a wand of roots (131)
   (You took it off Maurice on level 8 of the Dungeon)
 l - a wand of digging (25)
   (You found it on level 3 of the Elven Halls)
 Y - a wand of quicksilver (30)
   (You found it on level 2 of the Lair of Beasts)
Scrolls
 e - 6 scrolls of amnesia
 j - a scroll of revelation
 m - 15 scrolls of teleportation
 n - 16 scrolls of fog
 o - 3 scrolls of fear
 s - 9 scrolls of enchant armour
 D - 6 scrolls of immolation
 E - a scroll of torment
 F - 9 scrolls of vulnerability
 R - 13 scrolls of enchant weapon
 S - 6 scrolls of silence
Potions
 f - 10 potions of lignification
 k - 6 potions of heal wounds
 p - 3 potions of haste
 r - 5 potions of invisibility
 u - 5 potions of cancellation
 y - 4 potions of magic
 z - 15 potions of curing
 G - 7 potions of resistance
 J - 7 potions of might
 K - 10 potions of brilliance
 L - 13 potions of enlightenment
 P - 6 potions of mutation
 Q - 9 potions of berserk rage
 T - 2 potions of ambrosia
Miscellaneous
 d - a lightning rod (4/4)
   (You found it on level 3 of the Lair of Beasts)
 h - a figurine of a ziggurat
 V - a phantom mirror
   (You found it in the Desolation of Salt)
 X - a phial of floods
   (You found it in the Desolation of Salt)


   Skills:
 - Level 22.0 Fighting
 - Level 12.0 Staves
 - Level 10.0 Dodging
 - Level 18.0 Stealth
 - Level 15.0 Shields
 - Level 22.0 Spellcasting
 - Level 26.0 Conjurations
 - Level 5.0 Summonings
 - Level 15.0 Translocations
 + Level 19.9 Fire Magic
 - Level 25.2 Air Magic
 - Level 25.0 Earth Magic
 - Level 6.0 Alchemy
 - Level 19.0 Invocations
 - Level 17.2 Evocations
 - Level 23.0 Shapeshifting


You had 12 spell levels left.
You knew the following spells:

 Your Spells              Type           Power      Damage    Failure   Level
a - Dispersal             Tloc           51%        N/A       1%          6
b - Chain Lightning       Conj/Air       76%        3d101     2%          9
d - Spellforged Servitor  Conj/Summ      52%        N/A       1%          7
e - Shatter               Erth           75%        3d55*     3%          9
f - Maxwell's Capacitive  Air            75%        ∞         1%          8
h - Plasma Beam           Fire/Air       86%        2x1d104   0%          6
i - Apportation           Tloc           100%       N/A       0%          1
k - Passage of Golubria   Tloc           100%       N/A       1%          4
l - Lehudib's Crystal Sp  Conj/Erth      76%        10d17     1%          8

Your spell library contained the following spells:

 Spells                   Type           Power      Damage    Failure   Level
 Foxfire                  Conj/Fire      100%       2x1d9     0%          1
 Kiss of Death            Conj/Necr      100%       2d13      0%          1
 Magic Dart               Conj           100%       1d8       0%          1
 Sandblast                Erth           100%       2d20      0%          1
 Shock                    Conj/Air       100%       1d9       0%          1
 Sting                    Conj/Alch      100%       1d9       0%          1
 Blink                    Tloc           100%       N/A       0%          2
 Lesser Beckoning         Tloc           100%       N/A       0%          2
 Mercury Vapours          Alch/Air       100%       N/A       0%          2
 Momentum Strike          Conj/Tloc      100%       3d10      0%          2
 Scorch                   Fire           100%       2d9       0%          2
 Searing Ray              Conj           100%       2d8       0%          2
 Static Discharge         Conj/Air       100%       3-8/arc   0%          2
 Dazzling Flash           Conj/Hex       100%       N/A       0%          3
 Gell's Gravitas          Tloc           100%       N/A       0%          3
 Hailstorm                Conj/Ice       100%       3d16      0%          3
 Mephitic Cloud           Conj/Alch/Air  100%       N/A       0%          3
 Passwall                 Erth           100%       N/A       0%          3
 Stone Arrow              Conj/Erth      100%       3d13      0%          3
 Swiftness                Air            100%       N/A       0%          3
 Teleport Other           Tloc           100%       N/A       0%          3
 Volatile Blastmotes      Fire/Tloc      100%       2d18      0%          3
 Airstrike                Air            75%        2d(11-27) 0%          4
 Brom's Barrelling Bould  Conj/Erth      100%       2d11      0%          4
 Flame Wave               Conj/Fire      100%       2d21      0%          4
 Fulminant Prism          Conj/Alch      53%        3d23      0%          4
 Iskenderun's Mystic Bla  Conj/Tloc      100%       2d19      0%          4
 Leda's Liquefaction      Alch/Erth      64%        N/A       0%          4
 Petrify                  Alch/Erth      100%       N/A       0%          4
 Vhi's Electric Charge    Tloc/Air       100%       N/A       0%          4
 Arcjolt                  Conj/Air       76%        1d86      0%          5
 Fireball                 Conj/Fire      73%        3d27      0%          5
 Iskenderun's Battlesphe  Conj           100%       2d15      0%          5
 Lee's Rapid Deconstruct  Erth           75%        3d34*     0%          5
 Bombard                  Conj/Erth      76%        9d12      0%          6
 Conjure Ball Lightning   Conj/Air       76%        3x3d28    0%          6
 Starburst                Conj/Fire      73%        6d19      0%          6
 Orb of Destruction       Conj           64%        9d15      0%          7
 Freeze                   Ice            100%       1d10      1%          1
 Necrotise                Necr           100%       1d9       1%          1
 Slow                     Hex            100%       N/A       1%          1
 Summon Small Mammal      Summ           100%       N/A       1%          1
 Call Imp                 Summ           100%       N/A       1%          2
 Cigotuvi's Dreadful Rot  Necr/Alch/Air  100%       N/A       1%          2
 Ensorcelled Hibernation  Hex/Ice        100%       N/A       1%          2
 Jinxbite                 Hex            86%        N/A       1%          2
 Sublimation of Blood     Necr           43%        N/A       1%          2
 Call Canine Familiar     Summ           70%        N/A       1%          3
 Inner Flame              Hex/Fire       100%       N/A       1%          3
 Summon Ice Beast         Ice/Summ       76%        N/A       1%          3
 Dimensional Bullseye     Hex/Tloc       39%        N/A       1%          4
 Ignite Poison            Fire/Alch      100%       N/A       1%          4
 Manifold Assault         Tloc           100%       N/A       1%          4
 Olgreb's Toxic Radiance  Alch           74%        N/A       1%          4
 Sticky Flame             Fire/Alch      100%       2d15      1%          4
 Summon Blazeheart Golem  Fire/Summ      100%       N/A       1%          4
 Summon Lightning Spire   Summ/Air       100%       N/A       1%          4
 Alistair's Intoxication  Alch           49%        N/A       1%          5
 Borgnjor's Vile Clutch   Necr/Erth      59%        N/A       1%          5
 Freezing Cloud           Conj/Ice/Air   78%        6-21      1%          5
 Irradiate                Conj/Alch      53%        3d29      1%          5
 Silence                  Hex/Air        59%        N/A       1%          5
 Summon Forest            Summ/Tloc      44%        N/A       1%          5
 Ignition                 Fire           69%        3d18      1%          8
 Confusing Touch          Hex            43%        N/A       2%          3
 Frozen Ramparts          Ice            100%       1d16      2%          3
 Fugue of the Fallen      Necr           43%        N/A       2%          3
 Ozocubu's Armour         Ice            59%        N/A       2%          3
 Sigil of Binding         Hex            43%        N/A       2%          3
 Tukima's Dance           Hex            43%        N/A       2%          3
 Vampiric Draining        Necr           43%        2d9       2%          3
 Martyr's Knell           Necr/Summ      58%        N/A       3%          4
 Yara's Violent Unravell  Hex/Alch       30%        3d13      7%          5
 Fire Storm               Conj/Fire      73%        8d18      7%          9
 Anguish                  Hex/Necr       21%        N/A       9%          4
 Animate Dead             Necr           43%        N/A       9%          4
 Cause Fear               Hex            21%        N/A       9%          4
 Dispel Undead            Necr           43%        3d17      9%          4
 Summon Mana Viper        Hex/Summ       58%        N/A       9%          5
 Eringya's Noxious Bog    Alch           37%        4d6       11%         6
 Malign Gateway           Summ/Tloc      44%        N/A       12%         7
 Disjunction              Tloc           51%        N/A       12%         8
 Summon Cactus Giant      Summ           35%        N/A       17%         6
 Curse of Agony           Necr           43%        N/A       24%         5
 Metabolic Englaciation   Hex/Ice        29%        N/A       24%         5
 Sculpt Simulacrum        Ice/Alch       39%        N/A       36%         6
 Monstrous Menagerie      Summ           35%        N/A       67%         7
 Summon Hydra             Summ           35%        N/A       67%         7
 Death Channel            Necr           21%        N/A       78%         6
 Haunt                    Necr/Summ      29%        N/A       95%         7
 Enfeeble                 Hex            21%        N/A       100%        7
 Ozocubu's Refrigeration  Ice            29%        4d14      100%        7
 Borgnjor's Revivificati  Necr           21%        N/A       100%        8
 Discord                  Hex            21%        N/A       100%        8
 Infestation              Necr           21%        N/A       100%        8
 Summon Horrible Things   Summ           35%        N/A       100%        8
 Death's Door             Necr           21%        N/A       100%        9
 Dragon's Call            Summ           35%        N/A       100%        9
 Polar Vortex             Ice            29%        12d3*     100%        9
 Animate Armour           Summ/Erth      Unusable   N/A       N/A         4

Dungeon Overview and Level Annotations

Branches:
Dungeon (15/15)            Temple (1/1) D:4            Lair (5/5) D:9
  Swamp (4/4) Lair:2        Snake (4/4) Lair:3        Slime (5/5) Lair:4
    Orc (2/2) D:9             Elf (3/3) Orc:2        Vaults (5/5) D:13
  Crypt (3/3) Vaults:3       Tomb (3/3) Crypt:3      Depths (4/4) D:15
   Hell (visited)             Dis (7/7) Hell            Geh (7/7) Hell
    Coc (7/7) Hell            Tar (7/7) Hell            Zot (5/5) Depths:4
  Sewer (visited)         Ossuary (visited)         Desolation (visited)

Altars:
Ashenzari
Cheibriados
Dithmenos
Elyvilon
Fedhas
Gozag
Hepliaklqana
Kikubaaqudgha
Makhleb
Nemelex Xobeh
Okawaru
Qazlal
Ru
Sif Muna
Trog
Uskayaw
Vehumet
Wu Jian
Xom
Yredelemnul
Zin
The Shining One
Beogh
Jiyva

Shops:
D:9 !   D:12 :*   D:15 ?   Orc:2 (([*=   Elf:1 *?:(=!(*[   Snake:2 :==

Portals:
Hell: Depths:1 Depths:2 Depths:3 Depths:4
Abyss: Depths:3
Pandemonium: Depths:2

Annotations:
D:4 1 runed translucent door, Crazy Yiuf, Grinder, Menkaure
Elf:2 3 runed translucent doors
Elf:3 Roxanne
Vaults:2 36 runed translucent doors
Vaults:4 2 transporters, Cexaud's ghost, adept DjCK; Jyghoireu's ghost, veteran HOMo
Depths:2 3 runed translucent doors


Innate Abilities, Weirdness & Mutations

You are an undying horror.
Your melee and unarmed attacks drain, slow and weaken victims.
You are immune to unholy pain and torment.
You cannot drink.
You are immune to poison.
((You can breathe blasts of scalding, opaque steam.))
Your pale cyan-grey scales are hard. (AC +13)
You cannot fit into any form of body armour.
You are cold-blooded and may be slowed by cold attacks.
You are immune to the effects of steam.
You have a pair of small horns on your head.
Your tail ends in a venomous barb.


Message History

You destroy the death scarab!
The death scarab's corpse disappears in a puff of smoke!
The bolt of lightning hits you! You resist.
* * * LOW HITPOINT WARNING * * *
The bolt of lightning hits the death scarab!!!!
You destroy the death scarab!
The death scarab's corpse disappears in a puff of smoke!
The bolt of lightning hits the bennu!!!!
Sif Muna accepts your kill.
The bennu renews itself in a burst of flame!
The bolt of lightning hits the royal mummy!!!
The royal mummy resists.
You destroy the royal mummy!
Sif Muna accepts your kill.
The bolt of lightning hits the titan skeleton!!!
The titan skeleton is almost destroyed.
The bolt of lightning hits the death scarab!!
The death scarab is almost destroyed.
The bolt of lightning hits the royal mummy!!!!
The royal mummy resists.
The royal mummy is heavily damaged.
You feel extremely nervous for a moment...
You feel weird for a moment.
The bennu blazes out!
The pyre of ghostly fire engulfs the bennu.
The bennu completely resists.
The pyre of ghostly fire engulfs the death scarab.
The death scarab completely resists.
The royal mummy is engulfed in blazing flames.
The royal mummy points at you and mumbles some strange words.
Something smites you!
* * * LOW HITPOINT WARNING * * *
A royal mummy comes into view.
The royal mummy is engulfed in blazing flames. x2
Casting: Chain Lightning (dangerous; 2% risk of failure)
Confirm with . or Enter, or press ? or * to list all spells.
You feel a surge of power! Lightning arcs from your hands!
The bolt of lightning hits the death scarab!!!!
You destroy the death scarab!
The death scarab's corpse disappears in a puff of smoke!
The bolt of lightning hits the titan skeleton!!!!
You destroy the titan skeleton!
Sif Muna accepts your kill. The bolt of lightning hits you. You resist.
* * * LOW HITPOINT WARNING * * *
The bolt of lightning hits the bennu!!
The bennu is moderately wounded.
The bolt of lightning hits the bennu!!!!
Sif Muna accepts your kill.
The bennu, emptied of spiritual energy, fades out from this realm.
The bolt of lightning hits the royal mummy!!!
The royal mummy resists.
The royal mummy is almost destroyed.
The bolt of lightning hits the royal mummy!!
The royal mummy resists.
The royal mummy is lightly damaged.
The bolt of lightning hits the bennu!
The bennu is moderately wounded.
The bennu blazes out!
The bennu blinks!
The bennu jubilantly flits about.
You feel your strength returning.
Casting: Chain Lightning (dangerous; 2% risk of failure)
Confirm with . or Enter, or press ? or * to list all spells.
You feel a surge of power!
The dungeon rumbles!
The royal mummy is almost destroyed.
The bennu is almost dead.
The royal mummy is heavily damaged.
The royal mummy is severely damaged.
Ka-crash!
You feel less invigorated.
The bennu blinks!
The royal mummy casts a spell.
The royal mummy mumbles some strange words.
The royal mummy gestures wildly while chanting.
A mummy priest comes into view.
The royal mummy gestures wildly while chanting.
You hear a faint skittering sound.
As you read the scroll of immolation, it crumbles to dust.
The creatures around you are filled with an inner flame!
The bennu jubilantly flits about.
The mummy priest calls down the wrath of its god upon you.
Something smites you!
* * * LOW HITPOINT WARNING * * *
The royal mummy mumbles some strange words.
The bennu pecks you but does no damage. You block the bennu's attack. x2
The mummy priest fails to trigger a net trap.
The death scarab blinks!
The bennu blinks!
The death scarab blinks!
The translocation energy dissipates.
You block the death scarab's attack.
The royal mummy gestures wildly while chanting.
The royal mummy casts a spell.
You block the death scarab's attack. The bennu closely misses you.
You block the bennu's attack. The bennu claws you!
* * * LOW HITPOINT WARNING * * *
The royal mummy casts a spell.
The royal mummy gestures at you while chanting.
Something smites you!
* * * LOW HITPOINT WARNING * * *
The death scarab fails to trigger a net trap.
The death scarab's many legs skitter faintly.
You hear a faint skittering sound.
You block the death scarab's attack. x2
The bennu pecks you but does no damage. The bennu barely misses you.
You block the bennu's attack. The death scarab bites you!
* * * LOW HITPOINT WARNING * * *
The death scarab closely misses you. The bennu pecks you but does no damage.
The bennu claws you!
* * * LOW HITPOINT WARNING * * *
The bennu completely misses you.
The royal mummy gestures at you while chanting.
Something smites you!
* * * LOW HITPOINT WARNING * * *
The royal mummy gestures wildly while chanting.
The emperor scorpion misses you. x2
The emperor scorpion claws you but does no damage.
The bennu closely misses you. The bennu misses you.
The bennu completely misses you.
The death scarab blinks!
The emperor scorpion blinks! x2
The death scarab blinks! x2; The bennu blinks!
The death scarab blinks! x2
The bennu blinks!
The death scarab blinks!
The emperor scorpion blinks!
You block the death scarab's attack. The death scarab misses you.
You block the death scarab's attack. x2
Cast which spell? (? or * to list)
You feel a surge of power!
The dungeon rumbles!
You destroy the death scarab!
The death scarab's corpse disappears in a puff of smoke!
You destroy the death scarab!
The death scarab's corpse disappears in a puff of smoke!
You destroy the death scarab!
The death scarab's corpse disappears in a puff of smoke! x2
You destroy the death scarab!
The death scarab's corpse disappears in a puff of smoke!
Sif Muna accepts your kill.
The death scarab disappears in a puff of smoke! x2
You destroy the death scarab!
The death scarab's corpse disappears in a puff of smoke!
Sif Muna accepts your kill.
You feel a bit more experienced. Sif Muna accepts your kill.
You feel a bit more experienced. Sif Muna accepts your kill.
You feel a bit more experienced. Sif Muna accepts your kill.
You feel a bit more experienced.
Ka-crash!
You hear an otherworldly crackling!
You feel extremely nervous for a moment...
You feel horribly lethargic.
You feel as though you will be slow longer.
You hear an explosion!
You feel extremely nervous for a moment...
You feel weird for a moment.
You hear an explosion!
You feel extremely nervous for a moment...
You feel weird for a moment.
You hear an explosion! x2
You feel extremely nervous for a moment...
You feel a surge of unholy energy.
The royal mummy explodes!
The death scarab explodes!
You feel your strength returning.
Press: ? - help, v - describe, . - travel
Here: a bennu (heavily wounded, inner flame)
The floor.
Press: ? - help, v - describe, . - travel
Here: a bennu (heavily wounded, inner flame)
The floor.
Casting: Shatter (dangerous; 3% risk of failure)
Confirm with . or Enter, or press ? or * to list all spells.
Aiming: Lehudib's Crystal Spear (mildly dangerous; 1% risk of failure)
Press: ? - help, Shift-Dir - straight line, f - bennu
Aim: a bennu (heavily wounded, inner flame, 74% to hit)
You feel a surge of power!
The crystal spear hits the bennu!!!!
Sif Muna accepts your kill.
The bennu, emptied of spiritual energy, fades out from this realm.
The bennu blazes out!
Found 80 gold pieces and an iridescent triple sword.
You feel less invigorated.
Found a staff of earth, 106 gold pieces, a book of Dreams and a book of Storms.
Found six items.
The translocation energy dissipates.
Found six items.
Found six items.
Found a one-way staircase leading up.
Magic restored.
There is a one-way staircase leading up here.
You start resting.
You feel yourself speed up.
You start resting.
HP restored.
Found five items.
Found 68 gold pieces, an ivory staff, a staff of death and a staff of fire.
Found five items.
Found four items.
You now have 5935 gold pieces (gained 12).
You now have 5946 gold pieces (gained 11).
You now have 5967 gold pieces (gained 21).
You now have 5981 gold pieces (gained 14).
You now have 6008 gold pieces (gained 27).
You now have 6035 gold pieces (gained 27).
You now have 6054 gold pieces (gained 19).
You now have 6086 gold pieces (gained 32).
Okay, then.
Your memory of Starburst unravels.
You see here the +3 morningstar "Feikuil" {flame, *Rage rElec Will++ Str+4}.
You see here the +1 morningstar of the Sky {flame, *Rage rElec rF+ Will+ Int+4}.
You see here a staff of alchemy.
You see here the staff of the Known World {Dex+3 Conj Ice}.
g - a wand of roots (124) (gained 3 charges)
You see here a ring of resist corrosion.
h - a figurine of a ziggurat You see here a staff of death.
You see here a +1 kite shield of fire resistance.
g - a wand of roots (131) (gained 7 charges)
Your pack is full.
You see here the ring of Seemo {EV+5 Str+4}.
You now have 6118 gold pieces (gained 32).
You see here the +5 triple sword of Veujozia {venom, MP+9}.
Found a glowing flail.
Found 143 gold pieces and a pair of boots.
Found 150 gold pieces, 5 darts of dispersal and 2 potions of attraction.
You see here a +0 falchion.
You now have 6125 gold pieces (gained 7).
Your pack is full.
You see here the ring "Ykizazap" {rF+ Str+6 Dex+2}.
You now have 6154 gold pieces (gained 29).
You now have 6167 gold pieces (gained 13).
Found 78 gold pieces.
Your pack is full.
You see here the ring of the Skiapode {+Blink rPois rC+ Str-3 Slay+2}.
Found 16 gold pieces.
You now have 6177 gold pieces (gained 10).
Found 24 gold pieces.
You now have 6198 gold pieces (gained 21).
You now have 6230 gold pieces (gained 32).
You now have 6259 gold pieces (gained 29).
You now have 6273 gold pieces (gained 14).
You now have 6298 gold pieces (gained 25).
You now have 6313 gold pieces (gained 15).
Your pack is full.
You see here 2 potions of attraction.
You see here a +0 pair of boots.
Found 4 stones and a book of the Warp.
Found a Young Poisoner's Handbook.
Found a scroll of amnesia.
A mummy priest comes into view.
You feel a strong surge of power!
The bolt of lightning hits the mummy priest!!
The mummy priest resists.
The mummy priest is moderately damaged.
The fiery plasma hits the mummy priest!!
The mummy priest is almost destroyed.
The mummy priest utters an invocation to its god.
Casting: Plasma Beam (safe; 0% risk of failure)
Confirm with . or Enter, or press ? or * to list all spells.
You feel a surge of power!
The dungeon rumbles!
You destroy the vampire!
The vampire disappears in a puff of smoke!
You destroy the mummy priest!
Sif Muna accepts your kill.
The spectral fenstrider witch disappears in a puff of smoke!
Ka-crash!
You feel extremely nervous for a moment...
You feel weird for a moment.
You feel your strength returning.
Magic restored.
e - 6 scrolls of amnesia (gained 1)
R - 13 scrolls of enchant weapon (gained 1)
Found a chain mail.
You now have 6336 gold pieces (gained 23).
Things that are here:
a +0 chain mail; a +2 battleaxe of draining
Found a golden rune of Zot.
You pick up the golden rune and feel its power.
You have collected all the runes!
Now go and win!
Press } to see all the runes you have collected.
There is a one-way staircase leading up here.
A mysterious force pulls you upwards. The hatch slams shut behind you.
A stone giant skeleton is nearby!
You feel a strong surge of power!
The bolt of lightning hits the stone giant skeleton!!!!
The stone giant skeleton is almost destroyed.
The fiery plasma hits the stone giant skeleton!!!!
You destroy the stone giant skeleton!
Sif Muna accepts your kill.
Sorry, I don't know how to get there.
Casting: Plasma Beam (safe; 0% risk of failure)
Confirm with . or Enter, or press ? or * to list all spells.
You feel a surge of power!
You miscast Shatter.
You are very lightly contaminated with residual magic.
You feel a surge of energy from the ground.
Casting: Shatter (dangerous; 3% risk of failure)
Confirm with . or Enter, or press ? or * to list all spells.
You feel a surge of power!
The dungeon rumbles!
A door shatters!
Ka-crash!
Sorry, I don't know how to get there.
Found a one-way staircase leading down.
Things that are here:
a +0 chain mail; a +2 great sword of draining
There is a one-way staircase leading up here.
Your magical contamination has completely faded away.
A mysterious force pulls you upwards. The hatch slams shut behind you.
There is a one-way staircase leading down here.
Magic restored.
You see here a wand of flame (10).
There is a staircase back to the Crypt here.
You climb upwards.
Welcome back to the Crypt!
There is a staircase to the Tomb here.
What level of the Realm of Zot? (default 1, ? - help)
There is an open door here.
There is an open door here.
There is a large open door here.
There is a stone staircase leading up here.
You climb upwards.
There is a stone staircase leading down here.
There is a stone staircase leading up here.
You climb upwards.
There is a stone staircase leading down here.
There is a large open door here.
There is a large open door here.
You see here a +0 short sword.
There is a staircase back to the Vaults here.
You see here a +0 short sword.
You climb upwards.
Welcome back to the Vaults!
There is a staircase to the Crypt here.
There is an open door here.
There is an open door here.
There is an open door here.
There is a stone staircase leading up here.
You climb upwards.
Level annotation: 36 runed translucent doors
There is a stone staircase leading down here.
There is a large open door here.
There is an open door here.
There is a stone staircase leading up here.
You climb upwards.
There is a stone staircase leading down here.
You see here an ugly thing skeleton.
There is an open door here.
Things that are here:
a +0 ring mail; a +0 long sword
There is an open door here.
Things that are here:
a +0 ring mail of poison resistance; a human skeleton
Things that are here:
a +0 leather armour; a +0 dire flail
There is an open door here.
Things that are here:
a +0 scale mail; a +0 war axe; a +0 arbalest
There is an open door here.
There is a large open door here.
There is an open door here.
There is a gate leading back out of this place here.
You go up through the gate.
Welcome back to the Dungeon!
There is a gate to the Vaults here.
There is a large open door here.
You see here a +0 shortbow.
There is an open door here.
There is an open door here.
There is a stone staircase leading down here.
You climb downwards.
There is a stone staircase leading up here.
There is a stone staircase leading down here.
You climb downwards.
There is a stone staircase leading up here.
There is an open door here.
Things that are here:
a +0 dire flail; a +0 great mace; an ettin skeleton
Things that are here:
a +0 animal skin; a +0 war axe
Things that are here:
a +0 robe; a +0 spear
There is a staircase to the Depths, spattered with blood here.
You climb downwards.
Welcome back to the Depths!
There is a staircase back to the Dungeon, spattered with blood here.
There is a stone staircase leading down, spattered with blood here.
You climb downwards.
Level annotation: 3 runed translucent doors
There is a stone staircase leading up, spattered with blood here.
Items here: )) [[ ÷.
Items here: [[ ÷÷.
Things that are here:
a +0 dire flail; a +0 dire flail; an ettin skeleton
There is a stone staircase leading down here.
You climb downwards.
There is a stone staircase leading up, spattered with blood here.
There is a stone staircase leading down here.
You climb downwards.
There is a stone staircase leading up here.
Things that are here:
a +0 cloak; a +0 whip; a white draconian skeleton
There is an open door here.
There is a gate to the Realm of Zot here.
You go down through the gate.
Welcome back to the Realm of Zot!
There is a gate leading back out of this place, spattered with blood here.
Things that are here:
a +0 cloak; a +2 rapier of draining You see here a +0 scimitar.
You see here a +0 long sword.
You see here a +0 mace.
There is a stone staircase leading down here.
You climb downwards.
There is a stone staircase leading up here.
You see here a quicksilver dragon skeleton.
There is a stone staircase leading down, spattered with blood here.
You climb downwards.
There is a stone staircase leading up, spattered with blood here.
There is a stone staircase leading down here.
You climb downwards.
There is a stone staircase leading up here.
Items here: )) [ ÷÷.
Things that are here:
a +0 cloak; a +0 short sword of draining
There is a stone staircase leading down here.
You climb downwards.
There is a stone staircase leading up here.
You see here +0 gold dragon scales.
You see here a +8 club of flaming.
You see here the Orb of Zot.
As you read the scroll of teleportation, it crumbles to dust.
You feel strangely unstable.
You feel the Orb delaying your translocation!
You pick up the Orb of Zot!
The Orb lets out an ear-shattering shriek!
The lords of Pandemonium are not amused.
Beware!
Now all you have to do is get back out of the dungeon!
Your surroundings suddenly seem different.
You see here a +0 robe. 6 golden eyes come into view.
Casting: Shatter (dangerous; 3% risk of failure)
Confirm with . or Enter, or press ? or * to list all spells.
You feel a surge of power!
The dungeon rumbles!
You kill the golden eye!
Sif Muna accepts your kill.
You kill the golden eye!
Sif Muna accepts your kill.
You kill the golden eye!
Sif Muna accepts your kill.
You kill the golden eye!
Sif Muna accepts your kill.
You kill the golden eye!
Sif Muna accepts your kill.
You kill the golden eye!
Sif Muna accepts your kill.
Ka-crash!
Magic restored.
A smoke demon comes into view.
The smoke demon gestures at you. The pyre arrow misses you.
The smoke demon gestures at you.
The ball of steam hits you but does no damage.
A tormentor comes into view.
You feel a strong surge of power!
The bolt of lightning hits the tormentor!!!
You kill the tormentor!
Sif Muna accepts your kill.
A smoke demon is nearby!
The smoke demon gestures at you. The ball of steam misses you.
You see here a +8 club of flaming.
You feel a strong surge of power!
The bolt of lightning hits the smoke demon!!!!
You kill the smoke demon!
Sif Muna accepts your kill.
A Brimstone Fiend comes into view.
The Brimstone Fiend roars!
Casting: Plasma Beam (safe; 0% risk of failure)
Confirm with . or Enter, or press ? or * to list all spells.
Aiming: Lehudib's Crystal Spear (mildly dangerous; 1% risk of failure)
Press: ? - help, Shift-Dir - straight line, f - Brimstone Fiend
Aim: a Brimstone Fiend (93% to hit)
You feel a surge of power!
The crystal spear hits the Brimstone Fiend!!!
The Brimstone Fiend is heavily wounded.
Casting: Lehudib's Crystal Spear (mildly dangerous; 1% risk of failure)
Confirm with . or Enter, or press ? or * to list all spells.
Aiming: Lehudib's Crystal Spear (mildly dangerous; 1% risk of failure)
Press: ? - help, Shift-Dir - straight line, f/p - Brimstone Fiend
Aim: a Brimstone Fiend (heavily wounded, 93% to hit)
You feel a surge of power!
The crystal spear hits the Brimstone Fiend!!!!
You kill the Brimstone Fiend!
Sif Muna accepts your kill.
Your Fire Magic skill increases to level 19!
An Ice Fiend comes into view.
You feel a strong surge of power!
The bolt of lightning hits the Ice Fiend!!
The Ice Fiend is moderately wounded.
The fiery plasma hits the Ice Fiend!!!!
The Ice Fiend is burned terribly!
You kill the Ice Fiend!
Sif Muna accepts your kill.
There is a stone staircase leading up here.
You climb upwards.
There is a stone staircase leading down here.
Magic restored.
An Executioner comes into view.
You feel a strong surge of power!
The bolt of lightning misses the Executioner.
The fiery plasma misses the Executioner.
You feel a strong surge of power!
The bolt of lightning misses the Executioner.
The fiery plasma hits the Executioner!
The Executioner resists.
The Executioner is moderately wounded.
The Executioner gestures.
The Executioner seems to speed up.
You feel a strong surge of power!
The bolt of lightning hits the Executioner!!
The Executioner resists.
The Executioner is severely wounded.
The fiery plasma misses the Executioner.
You feel a strong surge of power!
The bolt of lightning hits the Executioner!!
The Executioner resists.
You kill the Executioner!
Sif Muna accepts your kill.
You see here a +0 sling.
There is a stone staircase leading up here.
You climb upwards.
There is a stone staircase leading down here.
Magic restored.
An Orb Guardian comes into view.
You feel a strong surge of power!
The bolt of lightning hits the Orb Guardian!!!!
The Orb Guardian is almost dead.
The fiery plasma hits the Orb Guardian!!!
You kill the Orb Guardian!
Sif Muna accepts your kill.
There is a stone staircase leading up, spattered with blood here.
You climb upwards.
There is a stone staircase leading down here.
Things that are here:
a +0 mace; a +0 flail; a red draconian skeleton
There is a stone staircase leading up here.
You climb upwards.
There is a stone staircase leading down here.
You climb downwards.
There is a stone staircase leading up here.
There is an escape hatch in the floor here.
You see here a stone.
Things that are here:
a +0 dire flail; a black draconian skeleton
There is a stone staircase leading up here.
You climb upwards.
There is a stone staircase leading down here.
You see here a +0 mace.
You see here a +0 long sword.
Things that are here:
a +0 dire flail; a yellow draconian skeleton You see here a +0 scimitar.
Things that are here:
a +0 cloak; a +2 rapier of draining
There is a gate leading back out of this place, spattered with blood here.
You go up through the gate.
Welcome back to the Depths!
There is a gate to the Realm of Zot here.
There is an open door here.
Things that are here:
a +0 long sword; a yellow draconian skeleton
Things that are here:
a +0 robe; a spriggan skeleton
There is a stone staircase leading up here.
You climb upwards.
There is a stone staircase leading down here.
There is a stone staircase leading up, spattered with blood here.
You climb upwards.
Level annotation: 3 runed translucent doors
There is a stone staircase leading down here.
A Tzitzimitl comes into view.
A Tzitzimitl is nearby!
You feel a strong surge of power!
The bolt of lightning misses the Tzitzimitl.
The fiery plasma hits the Tzitzimitl!!
The Tzitzimitl is moderately wounded.
You feel a strong surge of power!
The bolt of lightning misses the Tzitzimitl.
The fiery plasma hits the Tzitzimitl!!!
The Tzitzimitl is severely wounded.
The Tzitzimitl engulfs you but does no damage.
The Tzitzimitl closely misses you.
You feel a strong surge of power!
The bolt of lightning misses the Tzitzimitl.
The fiery plasma misses the Tzitzimitl.
You block the Tzitzimitl's attack.
The Tzitzimitl bites you but does no damage.
You feel a strong surge of power!
The bolt of lightning hits the Tzitzimitl!
The Tzitzimitl resists.
The Tzitzimitl is severely wounded.
The fiery plasma hits the Tzitzimitl!!!!
You kill the Tzitzimitl!
Sif Muna accepts your kill.
You feel your strength returning.
An Orb Guardian comes into view.
You feel a strong surge of power!
The bolt of lightning hits the Orb Guardian!!!!
You kill the Orb Guardian!
Sif Muna accepts your kill.
There is a gateway to Hell here.
A hellwing comes into view.
You feel a strong surge of power!
The bolt of lightning hits the hellwing!!!!
You kill the hellwing!
Sif Muna accepts your kill.
Oschayduum comes into view.
Press: ? - help, v - describe, . - travel The floor.
There is a cloud of flame here.
You feel a strong surge of power!
The bolt of lightning hits Oschayduum!!
Oschayduum is lightly wounded.
Oschayduum bellows, "Quit, thou bootless doghearted zombie-fodder!"
The fiery plasma misses Oschayduum.
Oschayduum gestures. 3 ball lightnings come into view.
You feel a strong surge of power!
The bolt of lightning misses the ball lightning.
The bolt of lightning hits Oschayduum!!
Oschayduum is moderately wounded.
The fiery plasma hits the ball lightning.
The ball lightning completely resists.
The fiery plasma misses Oschayduum.
The ball lightning explodes!
The blast of lightning engulfs the ball lightning.
The ball lightning completely resists.
The blast of lightning engulfs Oschayduum!!!
The blast of lightning engulfs you! You resist.
The blast of lightning engulfs the ball lightning.
The ball lightning completely resists.
The ball lightning explodes!
The blast of lightning engulfs you! You resist.
The blast of lightning engulfs Oschayduum!!!
Oschayduum dies!
The blast of lightning engulfs the ball lightning.
The ball lightning completely resists.
You hear a faint skittering sound.
The ball lightning explodes!
The blast of lightning engulfs you! You resist.
You hear a faint skittering sound.
You hear a shout!
A chaos spawn comes into view.
You are engulfed in blazing flames.
You resist.
There is a stone staircase leading up, spattered with blood here.
You climb upwards.
There is a stone staircase leading down, spattered with blood here.
A reaper comes into view. It is wielding a +1 scythe of venom.
A reaper is nearby!
You feel a strong surge of power!
The bolt of lightning misses the reaper.
The fiery plasma misses the reaper.
You feel a strong surge of power!
The bolt of lightning misses the reaper.
The fiery plasma hits the reaper!!!
The reaper is almost dead.
You feel a strong surge of power!
The bolt of lightning misses the reaper.
The fiery plasma hits the reaper.
The reaper is almost dead.
You feel a strong surge of power!
The bolt of lightning hits the reaper!!!!
You kill the reaper!
Sif Muna accepts your kill.
* * * LOW MAGIC WARNING * * *
Things that are here:
a +0 dire flail; a +0 great mace An angel comes into view.
It is wielding a +3 whip of holy wrath.
You feel a strong surge of power!
The bolt of lightning misses the angel.
The fiery plasma hits the angel!!
The angel is moderately wounded.
You feel a strong surge of power!
The bolt of lightning hits the angel!!
The angel resists.
The angel is heavily wounded.
The fiery plasma misses the angel.
You feel a strong surge of power!
The bolt of lightning misses the angel.
The fiery plasma hits the angel!!
The angel is severely wounded.
The angel gestures.
The angel is healed somewhat.
You block the angel's attack. x2
Casting: Plasma Beam (safe; 0% risk of failure)
Confirm with . or Enter, or press ? or * to list all spells.
Aiming: Lehudib's Crystal Spear (mildly dangerous; 1% risk of failure)
Press: ? - help, Shift-Dir - straight line, f - angel
Aim: an angel, wielding a +3 whip of holy wrath and wearing a +0 robe (severely wounded, haloed, 67% to hit)
You feel a surge of power!
The crystal spear misses the angel.
The angel gestures.
The angel is healed somewhat.
Casting: Lehudib's Crystal Spear (mildly dangerous; 1% risk of failure)
Confirm with . or Enter, or press ? or * to list all spells.
Aiming: Lehudib's Crystal Spear (mildly dangerous; 1% risk of failure)
Press: ? - help, Shift-Dir - straight line, f/p - angel
Aim: an angel, wielding a +3 whip of holy wrath and wearing a +0 robe (heavily wounded, haloed, 67% to hit)
You feel a surge of power!
The crystal spear hits the angel!!!
You kill the angel!
Sif Muna accepts your kill.
You feel less invigorated.
A cherub comes into view.
It is wielding a +2 falchion of flaming.
Casting: Lehudib's Crystal Spear (mildly dangerous; 1% risk of failure)
Confirm with . or Enter, or press ? or * to list all spells.
You can't see any susceptible monsters within range! (Use Z to cast anyway.) Unknown command.
A cherub is nearby!
You feel a strong surge of power!
The bolt of lightning hits the cherub!
The cherub resists.
The cherub is lightly wounded.
The fiery plasma hits the cherub!!!
The cherub resists.
The cherub is severely wounded.
You feel a strong surge of power!
The bolt of lightning hits the cherub!
The cherub resists.
The cherub is severely wounded.
The fiery plasma hits the cherub.
The cherub resists.
The cherub is severely wounded.
The cherub unwields a +2 falchion of flaming.
It stops flaming.
The cherub wields a +0 longbow.
The cherub shoots an arrow.
The arrow hits you.
Okay, then.
You feel a strong surge of power!
The bolt of lightning misses the cherub.
The fiery plasma hits the cherub.
The cherub resists.
The cherub is almost dead.
A cherub is nearby!
Unknown command.
You feel a strong surge of power!
The bolt of lightning misses the cherub.
The fiery plasma misses the cherub.
The cherub shoots an arrow.
The arrow hits you!
A cherub is nearby!
You feel a strong surge of power!
The bolt of lightning misses the cherub.
The fiery plasma hits the cherub!!!
The cherub resists.
You kill the cherub!
Sif Muna accepts your kill.
HP restored.
Items here: )) [ ÷.
You see here a tengu skeleton.
There is a staircase back to the Dungeon, spattered with blood here.
You climb upwards.
Welcome back to the Dungeon!
There is a staircase to the Depths, spattered with blood here.
Things that are here:
a +0 robe; a +0 spear
Things that are here:
a +0 animal skin; a +0 war axe
Things that are here:
a +0 dire flail; a +0 great mace; an ettin skeleton An Orb Guardian comes into view.
You feel a strong surge of power!
The bolt of lightning hits the Orb Guardian!
The Orb Guardian is lightly wounded.
The fiery plasma hits the Orb Guardian!!
The Orb Guardian is heavily wounded.
You feel a strong surge of power!
The bolt of lightning hits the Orb Guardian!!!
You kill the Orb Guardian!
Sif Muna accepts your kill.
There is an open door here.
There is a stone staircase leading up here.
You climb upwards.
There is a stone staircase leading down here.
Magic restored.
There is a stone staircase leading up here.
You climb upwards.
There is a stone staircase leading down here.
There is a stone staircase leading up here.
You climb upwards.
There is a stone staircase leading down here.
A cacodemon and a sixfirhy come into view.
There are monsters nearby!
You feel a strong surge of power!
The bolt of lightning hits the sixfirhy.
The sixfirhy completely resists.
The bolt of lightning hits the cacodemon!!
The cacodemon resists.
The cacodemon is moderately wounded.
The fiery plasma hits the sixfirhy!!!!
You kill the sixfirhy!
Sif Muna accepts your kill.
The fiery plasma hits the cacodemon!
The cacodemon is heavily wounded.
You feel a strong surge of power!
The bolt of lightning hits the cacodemon!
The cacodemon resists.
The cacodemon is heavily wounded.
The fiery plasma hits the cacodemon!!!
The cacodemon is almost dead.
The cacodemon gestures at you.
Strange energies course through your body.
Your body decomposes!
You feel dopey.
You feel a strong surge of power!
The bolt of lightning misses the cacodemon.
The fiery plasma hits the cacodemon!!!
You kill the cacodemon!
Sif Muna accepts your kill.
There is a stone staircase leading up here.
You climb upwards.
There is a stone staircase leading down here.
There is a stone staircase leading up here.
You climb upwards.
There is a stone staircase leading down here.
Magic restored.
There is an open door here.
There is a stone staircase leading up here.
You climb upwards.
There is a stone staircase leading down here.
An angel comes into view. It is wielding a +2 whip of holy wrath.
You feel a strong surge of power!
The bolt of lightning hits the angel!!
The angel resists.
The angel is moderately wounded.
The fiery plasma hits the angel!!
The angel is heavily wounded.
You feel a strong surge of power!
The bolt of lightning hits the angel!
The angel resists.
The angel is severely wounded.
The fiery plasma hits the angel!!!
You kill the angel!
Sif Muna accepts your kill.
An Orb Guardian comes into view.
You feel a strong surge of power!
The bolt of lightning hits the Orb Guardian.
The Orb Guardian is lightly wounded.
The fiery plasma hits the Orb Guardian!
The Orb Guardian is lightly wounded.
You feel a strong surge of power!
The bolt of lightning hits the Orb Guardian!!!!
The Orb Guardian is almost dead.
The fiery plasma hits the Orb Guardian!!!
You kill the Orb Guardian!
Sif Muna accepts your kill.
Things that are here:
a +0 whip; a gnoll skeleton
There is a stone staircase leading up, spattered with blood here.
You climb upwards.
There is a stone staircase leading down, spattered with blood here.
Items here: )) [ ÷.
Magic restored.
There is an ornate altar of the Wu Jian Council here.
There is a stone staircase leading up here.
You climb upwards.
There is a stone staircase leading down here.
A sun demon comes into view.
A sun demon is nearby!
You feel a strong surge of power!
The bolt of lightning hits the sun demon!!
The sun demon resists.
The sun demon is heavily wounded.
The fiery plasma hits the sun demon.
The sun demon completely resists.
The sun demon is heavily wounded.
You feel a strong surge of power!
The bolt of lightning hits the sun demon!!
The sun demon resists.
The sun demon is almost dead.
The fiery plasma hits the sun demon.
The sun demon completely resists.
The sun demon is almost dead.
A sun demon is nearby!
You feel a strong surge of power!
The bolt of lightning hits the sun demon!
The sun demon resists.
You kill the sun demon!
Sif Muna accepts your kill.
There is a stone staircase leading up here.
You climb upwards.
There is a stone staircase leading down here.
Magic restored.
An angel comes into view.
It is wielding a +2 whip of holy wrath and wearing a +1 robe of cold resistance.
You feel a strong surge of power!
The bolt of lightning misses the angel.
The fiery plasma hits the angel!!!
The angel is heavily wounded.
You feel a strong surge of power!
The bolt of lightning hits the angel!!
The angel resists.
The angel is almost dead.
The fiery plasma hits the angel!
The angel is almost dead.
You feel a strong surge of power!
The bolt of lightning hits the angel!
The angel resists.
You kill the angel!
Sif Muna accepts your kill.
A sixfirhy comes into view.
You feel a strong surge of power!
The bolt of lightning misses the sixfirhy.
The fiery plasma hits the sixfirhy!!
The sixfirhy is heavily wounded.
You feel a strong surge of power!
The bolt of lightning misses the sixfirhy.
The fiery plasma hits the sixfirhy!!!
You kill the sixfirhy!
Sif Muna accepts your kill.
There is a stone staircase leading up here.
You climb upwards.
There is a stone staircase leading down here.
Magic restored.
There is an open door here.
There is a stone staircase leading up here.
You climb upwards.
Level annotation: 1 runed translucent door, Crazy Yiuf, Grinder, Menkaure
There is a stone staircase leading down here.
A neqoxec comes into view.
You feel a strong surge of power!
The bolt of lightning misses the neqoxec.
The fiery plasma hits the neqoxec!!!!
You kill the neqoxec!
Sif Muna accepts your kill.
There is an escape hatch in the ceiling here.
A mysterious force pulls you upwards. The hatch slams shut behind you.
Magic restored.
You see here a frilled lizard skeleton.
There is a stone staircase leading up here.
You climb upwards.
There is a stone staircase leading down here.
There is an open door here.
A ynoxinul comes into view.
There is a stone staircase leading down here.
You feel a strong surge of power!
The bolt of lightning hits the ynoxinul.
The ynoxinul resists.
The ynoxinul is lightly wounded.
The fiery plasma hits the ynoxinul!!!
You kill the ynoxinul!
Sif Muna accepts your kill.
You feel your intelligence returning.
Magic restored.
A Gesa, a lich, a hellwing and a red devil come into view.
Press: ? - help, v - describe, . - travel
Here: Gesa The floor.
Press: ? - help, v - describe, . - travel
Here: Gesa The floor.
The lich shouts!
The hellwing gives a chilling moan.
The lich casts a spell.
The lich flickers and vanishes!
Deactivating autopickup; reactivate with Ctrl-A.
Gesa gestures.
Gesa blinks!
Casting: Plasma Beam (safe; 0% risk of failure)
Confirm with . or Enter, or press ? or * to list all spells.
You feel a surge of power!
You begin accumulating electric charge. (Press . to continue charging.)
You feel charge building up...
Gesa gestures.
Gesa blinks!
You feel charge building up...
Gesa gestures.
Gesa blinks!
You block the red devil's attack.
The hellwing swoops through the air toward you!
You block the hellwing's attack. x2
The insufficient charge dissipates harmlessly.
You block the hellwing's attack.
The hellwing hits you but does no damage.
Gesa gestures.
Gesa blinks!
The red devil attacks as it pursues you!
You block the red devil's attack. The hellwing barely misses you.
You block the hellwing's attack. Gesa closely misses you.
The hellwing attacks as it pursues you! You block the hellwing's attack. x2
Gesa launches a ball of destructive magic.
An orb of destruction comes into view.
Gesa attacks as it pursues you! Gesa hits you!! Gesa corrodes you!
The wavering orb of destruction hits Gesa!!!
Gesa gestures.
Gesa blinks!
There is a stone staircase leading up here.
Gesa conjures an orb of pure magic.
You block something's attack.
You climb upwards.
Reactivating autopickup.
There is a stone staircase leading down here.
Something conjures a glowing orb.
You block the orb of destruction.
Something touches you but does no damage.
Deactivating autopickup; reactivate with Ctrl-A.
Casting: Maxwell's Capacitive Coupling (mildly dangerous; 1% risk of failure)
Confirm with . or Enter, or press ? or * to list all spells.
You can't see any susceptible monsters within range! (Use Z to cast anyway.)
Casting: Maxwell's Capacitive Coupling (mildly dangerous; 1% risk of failure)
Confirm with . or Enter, or press ? or * to list all spells.
You feel a surge of power!
You begin accumulating electric charge. (Press . to continue charging.)
You feel charge building up...
You hear some strange, mumbled words.
Something tries to affect you, but you resist.
You feel charge building up... Something touches you!
You hear some strange, mumbled words.
A bolt of cold appears from out of thin air!
The bolt of cold misses you.
You feel charge building up...
Something touches you but does no damage.
The electricity discharges through something!!!!
Sif Muna accepts your kill.
Reactivating autopickup.
You feel a bit more experienced.
Aiming: Dig
Press: ? - help, Shift-Dir - straight line You can't see that place. [the floor.]
The rock shatters into small pieces.
You are no longer corroded.
Magic restored.
There is an open door here.
HP restored.
There is a staircase leading out of the dungeon here.
You can't go down here!
Unknown command.
You have escaped!

##### ##### #...#
#...# #...# #.z.#
#...# #...# #...#
#...# #..†# ###'#####
#...# ##.......####
#...#
#.......#...#####....
#.#####.####....#.##.
#..#..#.# ##...#.##.
##.#..#.# #...#.##.


There were no monsters in sight!

Vanquished Creatures
  Cerebov (Pan)
  Antaeus (Coc:7)
  Asmodeus (Geh:7)
  the Royal Jelly (Slime:5)
  Ereshkigal (Tar:7)
  Gloorx Vloq (Pan)
  Mnoleg (Pan)
  2 pandemonium lords (Pan)
  the Serpent of Hell (Dis:7)
  A seraph (Pan)
  Dispater (Dis:7)
  Lom Lobon (Pan)
  9 dread liches
  Tiamat (Zot:5)
  10 ancient liches
  12 orbs of fire
  Mara (Depths:3)
  25 royal mummies
  5 juggernauts
  Xtahua (Depths:4)
  4 Killer Klowns
  Boris (Vaults:3)
  8 shard shrikes
  the Lernaean hydra (Swamp:4)
  5 curse toes
  Saint Roka (Elf:2)
  Geryon (Hell)
  24 caustic shrikes
  13 golden dragons
  5 profane servitors
  9 bone dragons
  8 Tzitzimimeh
  8 doom hounds
  5 electric golems
  8 Brimstone Fiends
  The ghost of Gumuy the Crack Shot, an adept MiHu of Nemelex Xobeh (Depths:1)
  Jorgrun (Snake:2)
  A spectral shard shrike (Tar:4)
  9 iron giants
  9 hellephants
  16 Hell Sentinels
  16 tentacled monstrosities
  18 Ice Fiends
  29 Orb Guardians
  7 tainted leviathans
  7 liches
  10 quicksilver dragons
  A quicksilver dragon (shapeshifter) (Zig:3)
  5 deep elf blademasters
  13 acid blobs
  11 titans
  9 searing wretches
  34 Executioners
  12 sphinxes
  3 death cobs (Zot:1)
  4 deep elf master archers
  47 ancient champions
  7 tentacled starspawn
  A thorn hunter (Swamp:2)
  Frances (D:12)
  Agnes (Elf:2)
  10 shadow dragons
  6 tengu reavers
  14 storm dragons
  15 azure jellies
  2 daevas (Pan)
  3 draconian monks
  4 demonspawn warmongers (Pan)
  5 protean progenitors
  6 narguns
  6 draconian knights
  15 vault wardens
  11 rockslimes
  12 nagarajas
  4 deep elf sorcerers
  10 frost giants
  3 quicksilver elementals
  3 draconian shifters
  11 fire giants
  A juggernaut zombie (Depths:2)
  4 revenants
  A draconian scorcher (Zot:5)
  3 emperor scorpions (Zig:11)
  3 deep elf elementalists (Elf:3)
  10 iron dragons
  15 angels
  20 balrugs
  8 ghost moths
  3 curse skulls
  3 imperial myrmidons (Desolation)
  2 orc warlords
  3 shard shrike simulacra
  A caustic shrike zombie (Tomb:2)
  7 ghouls
  24 ironbound preservers
  13 reapers
  9 ironbound thunderhulks
  5 draconian stormcallers
  5 demonspawn corrupters
  20 stone giants
  12 formless jellyfish
  A spriggan defender (Depths:3)
  16 quicksilver oozes
  10 cacodemons
  4 juggernaut skeletons
  3 demonspawn blood saints
  15 very ugly things
  13 draconian annihilators
  A rockslime zombie (Crypt:1)
  8 green draconians
  5 ophanim (Pan)
  4 caustic shrike skeletons (Pan)
  12 deep elf death magi
  5 deep elf demonologists
  11 elemental wellsprings
  7 eleionomae
  3 demonspawn black suns
  5 dire elephants
  7 putrid mouths
  9 white draconians
  22 bennus
  6 wendigos
  2 bunyips
  5 black draconians
  5 vampire knights
  5 lorocyprocas
  2 deep elf annihilators
  9 red draconians
  21 war gargoyles
  2 apis (Pan)
  11 purple draconians
  9 spark wasps
  9 yellow draconians
  Snorg (D:13)
  A green death (Zig:16)
  14 iron golems
  4 crystal guardians
  6 eidola
  12 fire dragons
  6 blizzard demons
  A spectral iron giant (Tar:6)
  12 ettins
  28 mummy priests
  An entropy weaver (shapeshifter) (D:11)
  2 entropy weavers
  8 deep elf high priests
  9 jiangshi
  14 yaktaur captains
  5 servants of whispers (Desolation)
  2 spriggan zombies
  4 peacekeepers
  11 salamander tyrants
  30 vault guards
  3 ragged hierophants (Desolation)
  2 spriggan skeletons
  15 great orbs of eyes
  7 caustic shrike simulacra
  6 ice dragons
  6 catoblepae
  Erolcha (D:9)
  16 hydras
  5 hell beasts
  A jorogumo (Zig:5)
  7 spriggan air magi
  2 stokers
  2 ghost crabs
  8 ironbound frosthearts
  3 juggernaut simulacra
  2 ogre magi (Vaults:5)
  A merfolk avatar (Lair:5)
  3 anacondas
  2 two-headed ogres
  A radroach (Zig:11)
  8 centaur warriors
  An anaconda (shapeshifter) (Depths:3)
  6 alligators
  2 death knights
  6 deep troll shamans
  24 dancing weapons
  3 boulder beetles
  30 death scarabs
  4 tengu warriors
  7 deep troll earth magi
  7 vampire magi
  5 demonic crawlers
  33 hell hogs
  A spectral emperor scorpion (Pan)
  7 spriggan berserkers
  6 holy swine (Pan)
  6 thrashing horrors (Abyss:3)
  8 shock serpents
  2 orc high priests
  36 starcursed masses (Abyss:3)
  An emperor scorpion zombie (Crypt:1)
  An alligator (shapeshifter) (Vaults:5)
  27 sun demons
  7 crystal echidnas
  23 soul eaters
  13 naga warriors
  15 naga sharpshooters
  7 hell knights
  11 deep elf knights
  A storm dragon zombie (Tomb:3)
  Nergalle (Orc:1)
  3 occultists
  A titan skeleton (Tomb:3)
  27 shadow wraiths
  10 wretched stars
  6 hellephant skeletons (Pan)
  2 pharaoh ants
  32 skeletal warriors
  8 sixfirhies
  A salamander mystic (Depths:4)
  4 goliath frogs
  A skyshark (Lair:5)
  A sea snake (Snake:2)
  5 cherubim
  4 flayed ghosts
  A spectral anaconda (Tar:6)
  A deep troll (shapeshifter) (Zig:15)
  12 iron trolls
  38 large abominations
  A spark wasp zombie (Depths:2)
  7 shadow demons (Pan)
  75 deep trolls
  3 quicksilver dragon simulacra
  3 spriggan druids
  11 mana vipers
  4 glowing orange brains
  2 obsidian statues
  A naga ritualist (Snake:1)
  4 arcanists
  2 steelbarb worms
  2 spriggan simulacra
  A harpy (Lair:5)
  12 orc knights
  10 bog bodies
  17 swamp dragons
  A steelbarb worm (shapeshifter) (Zig:8)
  15 deep elf archers
  7 phantasmal warriors
  25 deep elf zephyrmancers
  9 lindwurms
  34 deep elf pyromancers
  11 necromancers
  8 nameless horrors
  A wolf spider (Zig:11)
  3 thermic dynamos
  4 orc sorcerers
  18 ugly things
  An oklob plant (Lair:4)
  21 ironbound convokers
  Maurice (D:8)
  5 cyclopes
  4 worldbinders
  A spectral ettin (Tar:2)
  3 shining eyes (shapeshifter)
  3 will-o-the-wisps
  8 salamanders
  A stone giant zombie (Tomb:3)
  31 moths of wrath
  11 shining eyes
  13 elephants
  25 vault sentinels
  7 rust devils
  2 torpor snails (Zig:11)
  A meliai (shapeshifter) (D:13)
  5 molten gargoyles
  A stone giant skeleton (Tomb:2)
  16 naga magi
  27 smoke demons
  45 black mambas
  4 kobold blastminers
  5 eyes of devastation
  2 titan simulacra
  A torpor snail (shapeshifter) (Vaults:5)
  8 guardian serpents
  A centaur skeleton (Crypt:1)
  11 cane toads
  3 gargoyles
  An orange demon (Pan)
  21 hellions
  A naga skeleton (Crypt:3)
  14 yaktaurs
  A dire elephant skeleton (Hell)
  A kobold demonologist (Abyss:3)
  5 unseen horrors
  6 freezing wraiths
  A steelbarb worm zombie (Crypt:3)
  2 rime drakes
  3 ice devils
  18 tormentors
  An efreet (D:15)
  A pale draconian skeleton (Crypt:2)
  An iron giant simulacrum (Coc:4)
  7 komodo dragons
  3 anaconda simulacra
  Psyche (D:10)
  3 red devils
  4 tengu conjurers
  59 guardian mummies
  An elf skeleton (Vaults:4)
  An ancient zyme (Abyss:3)
  A queen bee (shapeshifter) (D:15)
  3 silent spectres
  A bloated husk (Swamp:1)
  A harpy zombie (Hell)
  4 human skeletons
  A merfolk (shapeshifter) (Zig:7)
  13 hellwings
  2 polar bears
  14 raiju
  10 tyrant leeches
  11 blink frogs
  14 trolls
  13 hornets
  2 harpy skeletons
  37 saltlings (Desolation)
  A hydra skeleton (Tomb:1)
  A radroach zombie (Crypt:2)
  A jumping spider zombie (Crypt:1)
  4 dream sheep
  2 ettin zombies
  6 glass eyes
  2 shadows
  A jumping spider (Zig:5)
  2 culicivoras (Zig:11)
  A spectral black mamba (Tar:2)
  10 spriggans
  5 wyverns
  69 slime creatures
  3 vampires (Crypt:1)
  An air elemental (Zig:13)
  15 ynoxinuls
  7 wraiths
  32 yaks
  3 fire bats (Abyss:1)
  7 fire elementals
  6 basilisks
  15 ushabtiu
  Eustachio (D:4)
  10 golden eyes
  3 water elementals
  3 wargs
  8 vampire mosquitoes
  2 redbacks (Zig:11)
  2 steam dragons (Lair:5)
  51 nagas
  17 neqoxecs
  Edmund (D:6)
  11 chaos spawn
  2 harpy simulacra
  A two-headed ogre zombie (Crypt:3)
  16 swamp worms
  2 hydra simulacra
  A demonspawn zombie (Crypt:3)
  2 acid dragons
  A glowing shapeshifter zombie (Depths:1)
  9 water moccasins
  2 entropy weaver zombies
  A faun skeleton (Crypt:1)
  An ice beast (shapeshifter) (D:14)
  9 swamp drakes
  13 hell hounds
  A deep troll skeleton (Crypt:2)
  A demonspawn skeleton (Crypt:2)
  2 sky beasts
  34 orc warriors
  21 laughing skulls
  5 black bears
  7 ogres
  15 wolves
  2 ettin simulacra
  9 centaurs
  A phantom (D:5)
  Blork the orc (D:4)
  12 weeping skulls
  2 human zombies
  6 kobold brigands
  12 bullfrogs
  4 scorpions (D:7)
  5 brain worms
  2 earth elementals
  5 gnoll sergeants
  2 elf zombies (Elf:1)
  3 glowing shapeshifter simulacra
  8 wights
  37 small abominations
  2 naga simulacra
  A troll zombie (Crypt:2)
  6 killer bees
  4 howler monkeys
  5 electric eels
  3 quasits (Abyss:3)
  A human simulacrum (Vaults:2)
  A bullfrog zombie (Crypt:1)
  16 orc priests
  4 hounds
  2 jellies
  3 gnoll boudas
  An iron imp (Abyss:3)
  An iguana (D:7)
  22 orc wizards
  A scorpion zombie (Crypt:1)
  2 sleepcaps (D:5)
  Ijyb (D:3)
  A naga zombie (Crypt:1)
  An ice beast zombie (Crypt:2)
  A bullfrog simulacrum (Ossuary)
  53 mummies
  Robin (D:2)
  10 gnolls
  13 adders
  A river rat (Sewer)
  A shadow imp (D:4)
  4 white imps
  5 ufetubi (Abyss:1)
  2 adder zombies (Ossuary)
  A lava snake skeleton (Crypt:1)
  5 dart slugs
  4 ribbon worms
  57 orcs
  7 endoplasms
  4 giant cockroaches
  5 hobgoblins
  9 jackals
  5 quokkas
  10 ball pythons
  5 bats
  13 frilled lizards
  A frilled lizard zombie (Crypt:3)
  4 gnoll zombies (Ossuary)
  15 goblins
  2 jackal zombies (Ossuary)
  19 kobolds
  An orc zombie (Ossuary)
  5 rats
  A rat skeleton (Crypt:3)
  A rat zombie (Crypt:1)
  4 aspiring fleshes
  3 creeping infernos
  A fire vortex (Geh:6)
  4 starspawn tentacles (Abyss:3)
3496 creatures vanquished.

Vanquished Creatures (collateral kills)
  A dread lich (Abyss:3)
  5 shard shrikes (Coc:7)
  2 caustic shrikes
  Nikola (Snake:2)
  2 bone dragons
  A profane servitor (Tar:2)
  A doom hound (Tar:2)
  3 Brimstone Fiends
  2 electric golems (Zig:10)
  A Tzitzimitl (Tar:2)
  8 Ice Fiends
  A shard shrike zombie (Abyss:3)
  5 tainted leviathans
  A Hell Sentinel (Dis:5)
  A tentacled monstrosity (Abyss:3)
  7 hellephants
  3 acid blobs (Slime:5)
  3 titans
  A sphinx (Depths:1)
  8 searing wretches
  4 tentacled starspawn
  3 ancient champions
  6 Executioners (Pan)
  A tengu reaver (Vaults:5)
  3 fire giants (Geh:7)
  A storm dragon (Zig:10)
  A nagaraja (Pan)
  A demonspawn warmonger (Pan)
  A protean progenitor (Pan)
  3 quicksilver elementals
  A spectral caustic shrike (Tar:3)
  16 balrugs
  8 narguns
  4 frost giants
  3 shard shrike simulacra
  10 angels (Pan)
  2 orc warlords
  A ghoul (Crypt:3)
  9 reapers
  10 cacodemons (Pan)
  A vault warden (Vaults:3)
  An ironbound preserver (Vaults:1)
  2 draconian annihilators
  An ironbound thunderhulk (Vaults:2)
  8 very ugly things
  A vampire knight (Crypt:1)
  A stone giant (Vaults:5)
  2 demonspawn corrupters (Pan)
  5 ophanim (Pan)
  3 juggernaut skeletons (Pan)
  5 elemental wellsprings
  A deep elf demonologist (Pan)
  A deep elf annihilator (Pan)
  2 lorocyprocas
  5 apis (Pan)
  2 spark wasps (Zig:10)
  A spectral titan (Tar:2)
  2 bunyips
  4 war gargoyles
  7 wendigos
  6 demonspawn black suns (Pan)
  5 putrid mouths
  10 blizzard demons (Pan)
  6 green deaths
  7 iron golems
  Azrael (D:12)
  An eidolon (Crypt:1)
  An entropy weaver (shapeshifter) (Abyss:3)
  An ettin (Depths:3)
  6 jiangshi
  2 spectral quicksilver dragons
  A fire dragon (Depths:4)
  A deep elf high priest (Vaults:5)
  3 great orbs of eyes
  3 rakshasas
  3 servants of whispers (Desolation)
  A hell beast (Pan)
  3 juggernaut simulacra
  2 hydras
  11 salamander tyrants
  2 ice dragons
  2 ironbound frosthearts (Vaults:2)
  An ogre mage (D:15)
  A centaur warrior (D:10)
  4 caustic shrike simulacra (Coc:7)
  2 death knights
  An anaconda (Snake:1)
  4 dancing weapons
  2 two-headed ogres (D:10)
  4 stokers
  6 boulder beetles
  19 hell hogs
  5 thrashing horrors (Abyss:3)
  A deep troll earth mage (D:15)
  2 orc high priests
  2 spectral dire elephants
  3 demonic crawlers (Pan)
  2 spriggans (Depths:4)
  2 naga sharpshooters (Snake:4)
  12 soul eaters
  A spectral naga (Tar:1)
  5 naga warriors
  2 spectral emperor scorpions (Pan)
  A spriggan berserker (Depths:4)
  2 wretched stars
  6 hell knights
  29 sun demons (Pan)
  5 crystal echidnas
  4 hellephant skeletons (Pan)
  A spatial maelstrom (Abyss:3)
  2 shadow wraiths (Tar:7)
  10 sixfirhies
  A sea snake (Snake:4)
  A skyshark (Lair:5)
  2 salamander mystics (Snake:2)
  A quicksilver dragon simulacrum (Coc:7)
  14 skeletal warriors
  8 cherubim (Pan)
  6 shadow demons (Pan)
  A flayed ghost (Abyss:3)
  A spectral anaconda (Tar:1)
  An arcanist (Vaults:3)
  A glowing orange brain (Abyss:3)
  35 large abominations
  2 phantasmal warriors (Vaults:5)
  11 deep trolls
  2 naga ritualists (Snake:2)
  2 sun moths (Pan)
  A swamp dragon (Swamp:1)
  4 spriggan simulacra
  A bunyip skeleton (Crypt:3)
  A deep elf pyromancer (Elf:1)
  2 orc knights
  2 necromancers
  A manticore (D:13)
  11 ugly things
  An orc sorcerer (Orc:1)
  5 salamanders
  A worldbinder (Abyss:3)
  17 slime creatures
  A wolf spider (shapeshifter) (Vaults:3)
  9 black mambas
  8 elephants
  A centaur zombie (Abyss:3)
  2 kobold blastminers (Orc:2)
  A vault sentinel (Vaults:5)
  3 naga magi
  15 smoke demons
  7 orange demons (Pan)
  An apocalypse crab (Abyss:3)
  A guardian serpent (Abyss:1)
  A titan simulacrum (Coc:4)
  An eye of devastation (Pan)
  4 molten gargoyles (Geh:7)
  A cane toad (shapeshifter) (Vaults:5)
  6 hellions
  5 yaktaurs
  A rime drake (shapeshifter) (D:10)
  5 freezing wraiths
  A komodo dragon (Lair:5)
  10 tormentors
  5 kobold demonologists
  2 anaconda simulacra
  2 iron giant simulacra (Coc:7)
  A guardian mummy (Crypt:3)
  An ice devil (Pan)
  An iron troll zombie (Crypt:2)
  2 golden dragon simulacra
  A spectral demonspawn (Tar:2)
  5 efreet
  A red devil (Pan)
  3 trolls
  3 ancient zymes
  2 hellwings
  A tarantella (shapeshifter) (Vaults:5)
  A wind drake (Zig:10)
  2 hornets (Depths:4)
  A tengu simulacrum (Coc:1)
  5 raiju (Abyss:3)
  3 saltlings (Desolation)
  8 blink frogs (Lair:5)
  3 dream sheep
  3 stone giant simulacra
  A snapping turtle (Lair:5)
  A glass eye (Abyss:3)
  3 iron dragon simulacra
  11 ynoxinuls
  5 air elementals (Zig:10)
  2 centaur simulacra
  4 shadows
  6 dire elephant simulacra
  A water elemental (Elf:3)
  An alligator snapping turtle simulacrum (Coc:2)
  2 wraiths
  A fire elemental (Zig:13)
  27 yaks
  A steam dragon (Lair:5)
  A black mamba zombie (Crypt:3)
  A black mamba skeleton (Crypt:1)
  4 basilisks
  3 vampire mosquitoes
  6 chaos spawn
  6 neqoxecs
  23 nagas
  9 harpy simulacra
  A naga zombie (Crypt:3)
  2 hell hounds (D:12)
  26 orc warriors
  3 ettin simulacra
  21 laughing skulls
  9 small abominations
  A snapping turtle skeleton (Crypt:3)
  8 wolves
  A centaur (D:11)
  2 starcursed masses (Abyss:3)
  7 weeping skulls (Abyss:3)
  3 kobold brigands
  2 bullfrogs
  3 naga simulacra
  A water moccasin skeleton (Crypt:3)
  3 killer bees (D:10)
  2 quasits (Abyss:1)
  7 orc priests
  An iron imp (Abyss:3)
  8 orc wizards
  A mummy (Crypt:3)
  2 ufetubi (Abyss:1)
  A lava snake skeleton (Crypt:3)
  12 orcs
  A goblin (D:2)
  A hobgoblin (D:2)
  A frilled lizard skeleton (Crypt:2)
  4 kobolds
  2 ball lightnings (Elf:1)
  2 creeping infernos (Geh:6)
  4 fire vortices (Geh:6)
  6 starspawn tentacles
962 creatures vanquished.

Vanquished Creatures (others)
  A pandemonium lord (Depths:2)
  An eldritch tentacle (Pan)
  A fire giant (Geh:7)
  3 shard shrike simulacra (Coc:7)
  A demonspawn blood saint (Pan)
  A black draconian (Zot:2)
  3 caustic shrike simulacra (Coc:7)
  A dancing weapon (Elf:1)
  A hell hog (Geh:7)
  A soul eater (Depths:2)
  A naga ritualist (Snake:2)
  A cherub (Pan)
  A large abomination (Abyss:3)
  2 titan simulacra (Coc:7)
  A naga mage (Snake:2)
  A centaur skeleton (Abyss:3)
  An anaconda simulacrum (Coc:7)
  A golden dragon simulacrum (Coc:7)
  4 harpy simulacra
  A spatial vortex (Abyss:3)
  3 small abominations
  An orc wizard (Orc:2)
  555 ball lightnings
  10 foxfires
  2 lurking horrors
  34 starspawn tentacles
633 creatures vanquished.

Grand Total: 5091 creatures vanquished

Notes
Turn   | Place    | Note
-------+----------+-------------------------------------------
     0 | D:1      | sleeves the Draconian Alchemist began the quest for the
                  | Orb.
     0 | D:1      | Reached XP level 1. HP: 14/14 MP: 3/3
   149 | D:1      | Reached XP level 2. HP: 20/20 MP: 5/5
   481 | D:1      | Reached skill level 4 in Alchemy
   618 | D:2      | Reached XP level 3. HP: 20/26 MP: 6/6
   786 | D:2      | Noticed Robin
   797 | D:2      | HP: 13/26 [poisoned by an adder]
   818 | D:2      | HP: 11/26 [goblin/+0 club[Robin] (4)]
   823 | D:2      | Killed Robin
   824 | D:2      | Reached skill level 5 in Alchemy
   824 | D:2      | Reached XP level 4. HP: 11/33 MP: 7/7
  1505 | D:3      | Noticed Ijyb
  1555 | D:3      | Paralysed by Ijyb for 3 turns
  1564 | D:3      | Killed Ijyb
  1585 | D:3      | Reached XP level 5. HP: 38/38 MP: 8/8
  1589 | D:3      | Found a faded altar of an unknown god.
  1727 | D:3      | Reached skill level 6 in Alchemy
  1745 | D:3      | Found a glowing drain.
  1752 | Sewer    | Entered a sewer
  1879 | Sewer    | Reached skill level 3 in Conjurations
  1996 | Sewer    | Reached XP level 6. HP: 41/45 MP: 9/9
  2457 | D:3      | Reached skill level 4 in Conjurations
  3228 | D:4      | Found a runed translucent door.
  3229 | D:4      | Noticed Crazy Yiuf
  3355 | D:4      | Found a staircase to the Ecumenical Temple.
  3391 | D:4      | Reached skill level 5 in Conjurations
  3446 | Temple   | Entered the Ecumenical Temple
  3468 | Temple   | Became a worshipper of Sif Muna the Loreminder
  3567 | D:4      | Noticed Grinder
  3604 | D:4      | Found a sand-covered staircase.
  3625 | Ossuary  | Entered an ossuary
  3668 | Ossuary  | Your scales start taking on a pale cyan-grey colour.
  3668 | Ossuary  | Reached XP level 7. HP: 30/50 MP: 10/10
  3668 | Ossuary  | Gained mutation: You are immune to the effects of steam.
                  | [Pale Draconian growth]
  3745 | Ossuary  | Learned a level 4 spell: Sticky Flame
  3750 | Ossuary  | Learned a level 4 spell: Airstrike
  3893 | D:4      | Noticed Eustachio
  3902 | D:4      | Killed Eustachio
  3903 | D:4      | Reached skill level 1 in Fire Magic
  3903 | D:4      | Reached skill level 1 in Air Magic
  4112 | D:4      | Noticed Blork the orc
  4123 | D:4      | HP: 23/50 [Blork the orc/+0 long sword (6)]
  4124 | D:4      | Killed Blork the orc
  4125 | D:4      | Reached skill level 6 in Conjurations
  4125 | D:4      | Reached skill level 2 in Fire Magic
  4125 | D:4      | Reached skill level 2 in Air Magic
  4236 | D:4      | Found a hazy altar of Hepliaklqana.
  4237 | D:4      | Found a bloodstained altar of Trog.
  4239 | D:4      | Found a burning altar of Makhleb.
  4260 | D:4      | Noticed Menkaure
  4402 | D:5      | Entered Level 5 of the Dungeon
  4454 | D:5      | Reached skill level 3 in Fire Magic
  4552 | D:5      | Reached skill level 3 in Air Magic
  4661 | D:5      | Reached XP level 8. HP: 57/57 MP: 11/11
  5049 | D:5      | Found a sacrificial altar of Ru.
  5204 | D:5      | Reached skill level 4 in Fire Magic
  5330 | D:5      | Reached skill level 4 in Air Magic
  5624 | D:6      | Reached skill level 3 in Spellcasting
  5695 | D:6      | Noticed Edmund
  5712 | D:6      | Killed Edmund
  5713 | D:6      | Reached skill level 5 in Fire Magic
  5854 | D:6      | Identified the +0 pair of gloves of Midwinter {Str+3 Dex+3}
  5932 | D:6      | Reached skill level 5 in Air Magic
  6069 | D:6      | Reached * piety under Sif Muna
  6070 | D:6      | HP: 22/57 [orc warrior/+0 mace (15)]
  6072 | D:6      | Reached skill level 4 in Spellcasting
  6870 | D:7      | Reached skill level 6 in Air Magic
  6870 | D:7      | Reached XP level 9. HP: 58/62 MP: 16/16
  6929 | D:7      | Reached skill level 5 in Spellcasting
  7115 | D:7      | Learned a level 4 spell: Summon Lightning Spire
  7127 | D:7      | Reached skill level 6 in Spellcasting
  7212 | D:7      | Learned a level 5 spell: Arcjolt
  7677 | D:7      | Reached skill level 7 in Spellcasting
  7679 | D:7      | Reached ** piety under Sif Muna
  7951 | D:8      | Found an ornate altar of the Wu Jian Council.
  8046 | D:8      | Found a glowing silver altar of Zin.
  8635 | D:8      | Noticed Maurice
  8646 | D:8      | Maurice stole a ring of resist corrosion
  8646 | D:8      | Maurice stole a staff of air
  8651 | D:8      | Killed Maurice
  8652 | D:8      | Reached skill level 8 in Spellcasting
  8853 | D:8      | HP: 28/62 [gnoll bouda/+0 whip (8)]
  9035 | D:9      | Found Hofyruanaa's Distillery.
  9038 | D:9      | Bought a potion of curing for 30 gold pieces
  9251 | D:9      | Reached skill level 9 in Spellcasting
  9251 | D:9      | Reached XP level 10. HP: 67/69 MP: 16/23
  9358 | D:9      | Found a staircase to the Orcish Mines.
  9364 | D:9      | Reached skill level 10 in Spellcasting
  9596 | D:9      | Reached *** piety under Sif Muna
  9597 | D:9      | Reached skill level 7 in Air Magic
  9767 | D:9      | Found a staircase to the Lair.
  9904 | D:9      | Noticed Erolcha
 10086 | D:9      | Reached skill level 8 in Air Magic
 10092 | D:9      | Reached skill level 9 in Air Magic
 10486 | D:10     | Entered Level 10 of the Dungeon
 10799 | D:10     | Reached skill level 10 in Air Magic
 10816 | D:10     | Noticed Psyche
 10821 | D:10     | Killed Psyche
 10977 | D:10     | Noticed a gargoyle
 10987 | D:10     | Reached XP level 11. HP: 74/74 MP: 17/25
 11000 | D:10     | Noticed a purple ugly thing
 11000 | D:10     | Noticed a white ugly thing
 11001 | D:10     | Reached skill level 11 in Air Magic
 11004 | D:10     | Noticed a boulder beetle
 11015 | D:10     | Killed a purple ugly thing
 11016 | D:10     | Killed a purple ugly thing
 11017 | D:10     | Reached skill level 12 in Air Magic
 11019 | D:10     | Reached **** piety under Sif Muna
 11029 | D:10     | Killed a boulder beetle
 11048 | D:10     | Noticed a boulder beetle
 11050 | D:10     | Noticed a two-headed ogre
 11056 | D:10     | Killed a two-headed ogre
 11063 | D:10     | Killed a boulder beetle
 11064 | D:10     | Reached skill level 13 in Air Magic
 11090 | D:10     | Noticed a two-headed ogre
 11095 | D:10     | Killed a two-headed ogre
 11195 | D:10     | Noticed a centaur warrior
 11215 | D:10     | Killed a centaur warrior
 11218 | D:10     | Reached skill level 14 in Air Magic
 11361 | D:10     | HP: 34/74 [rime drake (shapeshifter)/icy flash freeze (16)]
 11545 | D:10     | Reached XP level 12. HP: 45/81 MP: 9/26
 11545 | D:10     | HP: 38/81 [yak (7)]
 11547 | D:10     | Reached skill level 15 in Air Magic
 11873 | D:10     | Noticed a boulder beetle
 11891 | D:10     | Killed a boulder beetle
 13082 | D:11     | Reached skill level 16 in Air Magic
 13242 | D:11     | Reached skill level 2 in Dodging
 13343 | D:11     | Reached skill level 1 in Fighting
 13380 | D:11     | Noticed a two-headed ogre
 13383 | D:11     | Killed a two-headed ogre
 13384 | D:11     | Reached skill level 2 in Fighting
 13433 | D:11     | Noticed an entropy weaver
 13434 | D:11     | an entropy weaver changed into a polar bear
 13437 | D:11     | a polar bear changed into an entropy weaver
 13437 | D:11     | Noticed an entropy weaver (shapeshifter)
 13441 | D:11     | Killed an entropy weaver
 13442 | D:11     | Reached skill level 3 in Dodging
 13696 | D:11     | Reached skill level 3 in Fighting
 13701 | D:11     | Reached ***** piety under Sif Muna
 14075 | D:11     | You fall into a shaft and drop 3 floors!
 14193 | D:13     | Found a transporter.
 14193 | D:13     | Found a transporter.
 14366 | D:12     | Received a gift from Sif Muna
 14367 | D:12     | Reached skill level 4 in Fighting
 14367 | D:12     | Got Noimn's Compendium of Shifting Transfiguration {god
                  | gift}
 14421 | D:12     | Reached skill level 4 in Dodging
 14712 | D:12     | Found Kiejixeoba's Assorted Antiques.
 14743 | D:12     | Found Ylefu's Self-Published Books.
 14771 | D:12     | Noticed Frances
 14776 | D:12     | Killed Frances
 14777 | D:12     | Reached skill level 1 in Invocations
 14778 | D:12     | HP: 42/93 [red ugly thing (19)]
 14784 | D:12     | HP: 36/93 [red ugly thing (8)]
 14784 | D:12     | HP: 13/93 [red ugly thing (23)]
 14785 | D:12     | Reached skill level 5 in Fighting
 14785 | D:12     | Reached skill level 2 in Invocations
 14790 | D:12     | HP: 12/94 [something/magic dart (3)]
 15376 | D:12     | Reached skill level 5 in Dodging
 15446 | D:12     | Reached skill level 3 in Invocations
 15930 | D:12     | Noticed Azrael
 15938 | D:12     | HP: 38/95 [Azrael/+2 scimitar of flaming (13)]
 15938 | D:12     | Killed Azrael
 15939 | D:12     | Reached skill level 6 in Fighting
 15939 | D:12     | Reached XP level 13. HP: 34/102 MP: 6/27
 16198 | D:12     | Reached skill level 4 in Invocations
 16372 | D:12     | Reached skill level 1 in Shields
 17035 | Lair:1   | Entered Level 1 of the Lair of Beasts
 17363 | Lair:1   | Reached skill level 2 in Shields
 17479 | Lair:1   | Found a sparkling altar of Nemelex Xobeh.
 17533 | Lair:1   | Reached skill level 6 in Dodging
 17739 | Lair:1   | Reached skill level 5 in Invocations
 18215 | Lair:2   | Reached skill level 3 in Shields
 18456 | Lair:2   | Reached skill level 6 in Invocations
 18460 | Lair:2   | Reached skill level 4 in Shields
 19150 | Lair:2   | Found a staircase to the Swamp.
 19153 | Lair:2   | Reached skill level 5 in Shields
 19153 | Lair:2   | Reached skill level 7 in Invocations
 19312 | Lair:2   | Received a gift from Sif Muna
 19413 | Lair:2   | Got Lehudib's Almanac of Solid Attacks {god gift}
 19526 | Lair:2   | Reached skill level 8 in Invocations
 19811 | Lair:3   | Found a staircase to the Snake Pit.
 19841 | Lair:3   | Reached skill level 9 in Invocations
 19908 | Lair:3   | Identified 3 scrolls of acquirement
 19914 | Lair:3   | Acquired 1231 gold pieces
 19916 | Lair:3   | Acquired 312 gold pieces
 19918 | Lair:3   | Acquired the +2 pair of gloves "Toufas" {rPois Str+4}
 20666 | Lair:3   | Reached skill level 10 in Invocations
 21266 | Lair:4   | Found a viscous altar of Jiyva.
 21368 | Lair:4   | Found a staircase to the Slime Pits.
 21375 | Lair:4   | Reached XP level 14. HP: 86/110 MP: 17/28
 21512 | Lair:4   | Reached skill level 11 in Invocations
 22189 | Lair:5   | Entered Level 5 of the Lair of Beasts
 22510 | Lair:5   | Reached skill level 12 in Invocations
 23287 | Lair:5   | Received a gift from Sif Muna
 23315 | Lair:5   | Reached skill level 11 in Spellcasting
 23459 | Lair:5   | Got Sif Muna's Lectures on Injurious Ensorcelling {god
                  | gift}
 23506 | Lair:5   | Reached skill level 17 in Air Magic
 24668 | Orc:1    | Entered Level 1 of the Orcish Mines
 24986 | Orc:1    | Found a roughly hewn altar of Beogh.
 25147 | Orc:1    | Noticed Nergalle
 25150 | Orc:1    | Killed Nergalle
 25258 | Orc:1    | Noticed an orc warlord
 25283 | Orc:1    | Killed an orc warlord
 25449 | Orc:1    | Received a gift from Sif Muna
 25606 | Orc:1    | HP: 50/110 [chaos spawn[an orc high priest] (17)]
 25850 | Orc:1    | Found a roughly hewn altar of Beogh.
 26167 | Orc:2    | Entered Level 2 of the Orcish Mines
 26171 | Orc:2    | Reached skill level 12 in Spellcasting
 26173 | Orc:2    | HP: 38/110 [kobold blastminer/iron shot (24)]
 26203 | Orc:2    | Reached XP level 15. HP: 52/115 MP: 20/31
 26433 | Orc:2    | Reached skill level 18 in Air Magic
 26506 | Orc:2    | Found Meylor's Jewellery Boutique.
 26574 | Orc:2    | Found a staircase to the Elven Halls.
 27232 | Orc:2    | Received a gift from Sif Muna
 27306 | Orc:2    | Got Sif Muna's Compilation of Reshaped Sinister Arts {god
                  | gift}
 27566 | Orc:2    | Found Jecyiqi's Antique Weapon Emporium.
 27566 | Orc:2    | Found Gotraripsan's Antique Armour Shop.
 27568 | Orc:2    | Found Fomumoov's General Store.
 27570 | Orc:2    | Found Puecres's Weapon Shoppe.
 27574 | Orc:2    | Bought an ichor-stained spear for 240 gold pieces
 27574 | Orc:2    | Identified the +6 spear of War {freeze, rElec Str+2 Int+3}
                  | (You bought it in a shop on level 2 of the Orcish Mines)
 27724 | D:9      | Learned a level 8 spell: Maxwell's Capacitive Coupling
 28271 | D:13     | Found a gate to the Vaults.
 28936 | D:13     | Noticed Snorg
 28944 | D:13     | Killed Snorg
 29740 | D:14     | Reached skill level 13 in Spellcasting
 29970 | D:15     | Entered Level 15 of the Dungeon
 29970 | D:15     | Found Zaocidag's Magic Scroll Emporium.
 30368 | D:15     | Found a staircase to the Depths.
 30467 | D:15     | Reached skill level 19 in Air Magic
 30497 | D:15     | Noticed a fire giant
 30658 | D:15     | Bought a scroll of acquirement for 676 gold pieces
 30658 | D:15     | Bought a scroll of teleportation for 39 gold pieces
 30660 | D:15     | Acquired the +3 pair of mountain boots {steadfast, rC+}
 30660 | D:15     | Found the +3 pair of mountain boots {steadfast, rC+}
 31108 | D:15     | Killed a fire giant
 32197 | Snake:1  | Entered Level 1 of the Snake Pit
 32802 | Snake:1  | Reached skill level 14 in Spellcasting
 33002 | Snake:1  | Found a huge runed translucent gate.
 33002 | Snake:1  | Found a huge runed translucent gate.
 33003 | Snake:1  | Found a huge runed translucent gate.
 33004 | Snake:1  | Found a huge runed translucent gate.
 33004 | Snake:1  | Found a huge runed translucent gate.
 33136 | Snake:1  | Reached XP level 16. HP: 122/122 MP: 30/34
 33979 | Snake:1  | Received a gift from Sif Muna
 34106 | Snake:1  | Got Sif Muna's Tome of Protean Production {god gift}
 34456 | Snake:1  | Reached skill level 20 in Air Magic
 34608 | Snake:2  | Noticed Jorgrun
 34614 | Snake:2  | Killed Jorgrun
 34617 | Snake:2  | Reached skill level 15 in Spellcasting
 34617 | Snake:2  | Reached skill level 2 in Stealth
 35079 | Snake:2  | Reached skill level 3 in Stealth
 35336 | Snake:2  | Reached skill level 7 in Fighting
 35647 | Snake:2  | Reached skill level 4 in Stealth
 36032 | Snake:2  | Noticed Nikola
 36065 | Snake:2  | HP: 38/127 [Nikola/arc of chain lightning (64)]
 36067 | Snake:2  | Killed Nikola
 36068 | Snake:2  | Reached skill level 8 in Fighting
 36068 | Snake:2  | Reached skill level 5 in Stealth
 36581 | Snake:2  | Found Duonni's Book Boutique.
 36581 | Snake:2  | Found Gukluh's Jewellery Shoppe.
 36640 | Snake:2  | Found Jomonaw's Jewellery Shoppe.
 37221 | Snake:3  | Reached skill level 6 in Stealth
 37225 | Snake:3  | Reached skill level 9 in Fighting
 38073 | Snake:3  | HP: 66/132 [poisoned by a black mamba]
 38078 | Snake:3  | HP: 58/132 [something (1)]
 38352 | Snake:3  | Reached skill level 7 in Stealth
 38717 | Snake:3  | Reached skill level 10 in Fighting
 38717 | Snake:3  | Reached XP level 17. HP: 93/140 MP: 10/36
 39083 | Snake:3  | Received a gift from Sif Muna
 39181 | Snake:3  | Learned a level 6 spell: Conjure Ball Lightning
 39399 | Snake:4  | Entered Level 4 of the Snake Pit
 40055 | Snake:4  | Reached skill level 8 in Stealth
 40919 | Snake:4  | Reached skill level 11 in Fighting
 41372 | Snake:4  | Reached skill level 9 in Stealth
 41774 | Snake:4  | Got a serpentine rune of Zot
 42123 | Swamp:1  | Entered Level 1 of the Swamp
 42326 | Swamp:1  | HP: 72/146 [goliath frog (7)]
 42572 | Swamp:1  | HP: 69/146 [acid (9)]
 42783 | Swamp:1  | Received a gift from Sif Muna
 42784 | Swamp:1  | Got Rorch's Almanac of Meteoric Last Rites {god gift}
 43043 | Swamp:1  | Reached skill level 12 in Fighting
 43302 | Swamp:1  | Reached skill level 10 in Stealth
 44077 | Swamp:2  | Reached skill level 13 in Fighting
 44974 | Swamp:3  | HP: 72/150 [spriggan rider/+0 spear (7)]
 45294 | Swamp:3  | Found a hide-covered altar of Uskayaw.
 45605 | Swamp:3  | Reached skill level 14 in Fighting
 46217 | Swamp:4  | Entered Level 4 of the Swamp
 46579 | Swamp:4  | Reached XP level 18. HP: 138/162 MP: 36/37
 46729 | Swamp:4  | Received a gift from Sif Muna
 46730 | Swamp:4  | Got Ceixed's Vademecum on Ghastly Argyropoeia {god gift}
 46864 | Swamp:4  | Reached skill level 15 in Fighting
 47952 | Swamp:4  | Noticed the 27-headed Lernaean hydra
 47974 | Swamp:4  | Reached skill level 7 in Conjurations
 48236 | Swamp:4  | Killed the 27-headed Lernaean hydra
 48384 | Swamp:4  | Got a decaying rune of Zot
 48740 | D:9      | Killed Erolcha
 49695 | Elf:1    | Entered Level 1 of the Elven Halls
 50506 | Elf:1    | Found Imajut's Weapon Shop.
 50525 | Elf:1    | Reached skill level 8 in Conjurations
 50564 | Elf:1    | Found Hios's Distillery.
 50570 | Elf:1    | Bought a potion of heal wounds for 70 gold pieces
 50570 | Elf:1    | Bought a potion of heal wounds for 70 gold pieces
 50570 | Elf:1    | Bought a potion of curing for 42 gold pieces
 50570 | Elf:1    | Bought 2 potions of curing for 84 gold pieces
 50620 | Elf:1    | Found Betamnyw's General Store.
 50629 | Elf:1    | Bought a potion of resistance for 150 gold pieces
 50649 | Elf:1    | Reached skill level 6 in Shields
 50660 | Elf:1    | HP: 80/162 [spore (7)]
 50670 | Elf:1    | HP: 55/154 [deep elf death mage/bolt of negative energy
                  | (30)]
 50900 | Elf:1    | Found Vasu's Antique Armour Shoppe.
 50959 | Elf:1    | Got the Secrets of Darkness
 51032 | Elf:1    | Found Ugoigud's Antique Weapon Shop.
 51393 | Elf:1    | Found Guima's Jewellery Shop.
 51393 | Elf:1    | Found Nunemp's General Store.
 51424 | Elf:1    | Found Cein's Book Boutique.
 51525 | Elf:1    | Found Hasedor's Magic Scroll Shop.
 51532 | Elf:1    | Bought a scroll of teleportation for 39 gold pieces
 51532 | Elf:1    | Bought a scroll of teleportation for 39 gold pieces
 51677 | Elf:2    | Noticed Agnes
 51681 | Elf:2    | Killed Agnes
 51689 | Elf:2    | HP: 77/163 [spore (12)]
 52393 | Elf:2    | Reached skill level 7 in Shields
 52427 | Elf:2    | Found a runed translucent gate.
 52427 | Elf:2    | Found a runed translucent gate.
 52427 | Elf:2    | Found a runed translucent gate.
 52455 | Elf:2    | Noticed Saint Roka
 52466 | Elf:2    | Killed Saint Roka
 52467 | Elf:2    | Reached skill level 9 in Conjurations
 52620 | Elf:2    | Reached skill level 21 in Air Magic
 53352 | Elf:3    | Entered Level 3 of the Elven Halls
 53489 | Elf:3    | Received a gift from Sif Muna
 53500 | Elf:2    | Learned a level 6 spell: Plasma Beam
 53674 | Elf:3    | Found a portal to a secret trove of treasure.
 53835 | Elf:3    | You paid a toll of 14 potions of curing to enter a treasure
                  | trove
 53836 | Trove    | Entered a treasure trove
 53844 | Trove    | Identified the ring of Res Nullius {*Corrode rN++ EV+5
                  | Str+2}
 53846 | Trove    | Identified the scarf of Utahif {shadows, Fly rElec Dex-4}
 54441 | Elf:3    | Got the Teachings on Collected Force
 54755 | Elf:3    | Found a radiant altar of Vehumet.
 55065 | Elf:3    | Reached skill level 8 in Shields
 55071 | Elf:3    | HP: 81/163 [spore (10)]
 55258 | Elf:3    | Reached XP level 19. HP: 138/170 MP: 34/38
 55270 | Elf:2    | HP: 84/170 [+3 long sword of holy wrath (14)]
 55600 | Elf:3    | HP: 81/170 [+1 dire flail of protection (10)]
 55606 | Elf:3    | HP: 41/170 [+1 dire flail of protection (17)]
 55616 | Elf:3    | HP: 25/170 [+1 dire flail of protection (3)]
 55620 | Elf:3    | HP: 11/170 [+1 dire flail of protection (16)]
 55631 | Elf:3    | HP: 13/170 [+1 dire flail of protection (1)]
 56134 | Elf:3    | Reached skill level 10 in Conjurations
 56407 | Elf:3    | Received a gift from Sif Muna
 56766 | Elf:3    | Got Dotionkye's Handbook of the Syncline {god gift}
 56769 | Elf:3    | Noticed Roxanne
 56772 | Elf:3    | Reached skill level 9 in Shields
 58102 | Elf:3    | Identified the -2 pair of boots of Classification {rElec
                  | rC+ Will+}
 58104 | Elf:3    | Identified the +0 battleaxe of Ceock {venom, rN+ Int+6
                  | Stlth+}
 58259 | Elf:3    | Learned a level 1 spell: Apportation
 58437 | Vaults:1 | Entered Level 1 of the Vaults
 58486 | Vaults:1 | Found a crumbling gateway.
 58524 | Desolati | Entered the Desolation of Salt
 58548 | Desolati | Reached skill level 11 in Conjurations
 58575 | Desolati | Identified the ring of the Tempest {Ice ^Contam rPois Will+
                  | Stlth+}
 59226 | Desolati | Found the +6 arbalest "Damnation" {damnation}
 59244 | Desolati | Reached skill level 10 in Shields
 59253 | Desolati | Reached skill level 22 in Air Magic
 59554 | Desolati | Identified the ring "Xocvynga" {Fly Will+ Str-5 Dex+4}
 59911 | Desolati | HP: 80/170 [ragged hierophant/a resonance strike (12)]
 60355 | Desolati | Identified the ring "Pacicooc" {rPois rN+ rCorr Int+3
                  | Dex-2}
 60363 | Desolati | Received a gift from Sif Muna
 60364 | Desolati | Got Sif Muna's Almanac of Gases and Trauma {god gift}
 60412 | Desolati | Identified the +0 robe of Arcadian Brilliance {Will+}
 60414 | Desolati | Identified the amulet "Luss" {Acrobat rPois Will+++ Str-2
                  | Int-5}
 60429 | Desolati | Identified the ring "Ytzel" {rF+ rN+ Int+4 Dex+4 Slay-5}
 60434 | Desolati | Identified the ring of the Tarantula {rC+ rN+}
 60440 | Desolati | Got the Essays on Twisted Arcane Weapons
 61827 | Vaults:1 | Reached skill level 12 in Conjurations
 61901 | Vaults:1 | Reached skill level 11 in Shields
 62473 | Vaults:1 | Reached XP level 20. HP: 178/178 MP: 30/39
 63566 | Vaults:1 | Received a gift from Sif Muna
 63642 | Vaults:1 | Got Sukievic's Incunabulum of Scalding Gases {god gift}
 65203 | Vaults:2 | Reached skill level 12 in Shields
 65426 | Vaults:2 | Reached skill level 13 in Conjurations
 65950 | Vaults:2 | Found a huge runed translucent gate.
 65950 | Vaults:2 | Found a huge runed translucent gate.
 65951 | Vaults:2 | Found a huge runed translucent gate.
 65951 | Vaults:2 | Found a huge runed translucent gate.
 65952 | Vaults:2 | Found a huge runed translucent gate.
 66065 | Vaults:2 | Found a huge runed translucent gate.
 66066 | Vaults:2 | Found a huge runed translucent gate.
 66066 | Vaults:2 | Found a huge runed translucent gate.
 66066 | Vaults:2 | Found a huge runed translucent gate.
 66067 | Vaults:2 | Found a huge runed translucent gate.
 66067 | Vaults:2 | Found a huge runed translucent gate.
 66068 | Vaults:2 | Found a huge runed translucent gate.
 66069 | Vaults:2 | Found a huge runed translucent gate.
 66070 | Vaults:2 | Found a huge runed translucent gate.
 66071 | Vaults:2 | Found a huge runed translucent gate.
 66072 | Vaults:2 | Found a huge runed translucent gate.
 66072 | Vaults:2 | Found a huge runed translucent gate.
 66077 | Vaults:2 | Found a huge runed translucent gate.
 66078 | Vaults:2 | Found a huge runed translucent gate.
 66078 | Vaults:2 | Found a huge runed translucent gate.
 66078 | Vaults:2 | Found a huge runed translucent gate.
 66078 | Vaults:2 | Found a huge runed translucent gate.
 66080 | Vaults:2 | Found a huge runed translucent gate.
 66081 | Vaults:2 | Found a huge runed translucent gate.
 66082 | Vaults:2 | Found a huge runed translucent gate.
 66082 | Vaults:2 | Found a huge runed translucent gate.
 66087 | Vaults:2 | Found a huge runed translucent gate.
 66088 | Vaults:2 | Found a huge runed translucent gate.
 66088 | Vaults:2 | Found a huge runed translucent gate.
 66088 | Vaults:2 | Found a huge runed translucent gate.
 66088 | Vaults:2 | Found a huge runed translucent gate.
 66125 | Vaults:2 | Found a huge runed translucent gate.
 66126 | Vaults:2 | Found a huge runed translucent gate.
 66127 | Vaults:2 | Found a huge runed translucent gate.
 66127 | Vaults:2 | Found a huge runed translucent gate.
 66132 | Vaults:2 | Found a huge runed translucent gate.
 66388 | Vaults:2 | Reached skill level 16 in Spellcasting
 66630 | Vaults:2 | Identified the +2 leather armour of Ydwanut {rPois Dex+2
                  | Slay-6}
 67097 | Vaults:2 | Received a gift from Sif Muna
 67098 | Vaults:2 | Got Jeatupn's Monograph on Consolidated Hoarfrost {god
                  | gift}
 67883 | Vaults:3 | Identified the +3 robe "Ehifyute" {Will+ Slay+2}
 67883 | Vaults:3 | Noticed Boris
 67988 | Vaults:3 | Killed Boris
 68565 | Vaults:3 | Reached skill level 13 in Shields
 69400 | Vaults:3 | Reached skill level 14 in Conjurations
 70254 | Vaults:3 | Found a staircase to the Crypt.
 70272 | Vaults:3 | Reached XP level 21. HP: 184/184 MP: 28/41
 70780 | Vaults:3 | Identified the +8 mace "Quiwaz" {elec, rN+ rCorr}
 72384 | Vaults:4 | Reached skill level 17 in Spellcasting
 72633 | Vaults:4 | Reached skill level 14 in Shields
 72633 | Vaults:4 | Received a gift from Sif Muna
 72634 | Vaults:4 | Got Sif Muna's Treatise on the Misty Elixir {god gift}
 73218 | Vaults:4 | Found a transporter.
 73218 | Vaults:4 | Noticed Jyghoireu's ghost (veteran HOMo)
 73446 | Vaults:4 | Reached skill level 15 in Conjurations
 73972 | Vaults:4 | Found a transporter.
 73973 | Vaults:4 | Noticed an ancient lich
 73985 | Vaults:4 | Noticed Cexaud's ghost (adept DjCK)
 74379 | Crypt:1  | Entered Level 1 of the Crypt
 74444 | Crypt:1  | Learned a level 6 spell: Bombard
 74449 | Crypt:1  | Learned a level 4 spell: Passage of Golubria
 74520 | Crypt:1  | Reached skill level 1 in Translocations
 75866 | Crypt:1  | Reached skill level 2 in Translocations
 76669 | Crypt:1  | Found a shadowy altar of Dithmenos.
 76941 | Crypt:2  | HP: 85/184 [spore (15)]
 77143 | Crypt:1  | Reached skill level 3 in Translocations
 77410 | Crypt:2  | Identified the ring of Gontuorch {EV+5 Str+4 Int+3}
 77470 | Crypt:2  | Received a gift from Sif Muna
 77555 | Crypt:2  | Identified the +8 halberd "Moiguushril" {drain, Will-
                  | Str+6}
 78257 | Crypt:2  | Identified the +0 ring mail "Wasmomin" {rF+ Dex+2}
 78561 | Crypt:2  | Reached skill level 15 in Shields
 78564 | Crypt:2  | Reached skill level 4 in Translocations
 78937 | Crypt:2  | Reached XP level 22. HP: 192/192 MP: 25/43
 79279 | Crypt:3  | Entered Level 3 of the Crypt
 79696 | Crypt:3  | Received a gift from Sif Muna
 79871 | Crypt:3  | Reached skill level 5 in Translocations
 80016 | Crypt:3  | HP: 87/192 [flayed ghost (13)]
 80022 | Crypt:3  | Reached skill level 16 in Conjurations
 80454 | Crypt:3  | Reached skill level 18 in Spellcasting
 80738 | Crypt:3  | Identified the +6 spear of Qifrei Xaell {venom, rPois rF++
                  | rCorr Dex-2}
 80738 | Crypt:3  | Identified the ring "Puonos" {rC+ rN+ rCorr EV+5 Dex+2}
 81173 | Crypt:3  | Reached skill level 6 in Translocations
 81362 | Crypt:3  | Identified the ring of Freedom {Fire rElec rN++}
 82085 | Crypt:3  | HP: 87/192 [??? (44)]
 82553 | Crypt:3  | Found a staircase to the Tomb.
 82654 | Crypt:3  | Acquired 651 gold pieces
 83179 | Crypt:3  | Found a basalt altar of Yredelemnul.
 83183 | Crypt:3  | Found an ancient bone altar of Kikubaaqudgha.
 83192 | Crypt:3  | Identified the amulet "Ehalum" {rN+ Regen+ RegenMP+ Int+3
                  | Slay+2}
 83192 | Crypt:3  | Identified the ring "Zaoff" {rN++ Int+6}
 83698 | Depths:1 | Entered Level 1 of the Depths
 83703 | Depths:1 | HP: 84/192 [spriggan air mage/the air (28)]
 83708 | Depths:1 | Reached skill level 7 in Translocations
 83975 | D:15     | HP: 75/192 [spore (28)]
 84285 | Depths:1 | Received a gift from Sif Muna
 84536 | Depths:1 | Got Sif Muna's Volume of Feathery Companions {god gift}
 84709 | Depths:1 | Found a runed translucent gate.
 84710 | Depths:1 | Found a runed translucent gate.
 84711 | Depths:1 | Found a runed translucent gate.
 84986 | Depths:1 | Found an ornate altar of the Wu Jian Council.
 85114 | Depths:1 | Noticed Gumuy's ghost (adept MiHu)
 85313 | Depths:1 | Found a one-way gateway to a ziggurat.
 85369 | Depths:1 | Found a white marble altar of Elyvilon.
 85436 | Depths:1 | Found a gateway to Hell.
 85501 | Depths:1 | Found a viscous altar of Jiyva.
 85805 | Depths:1 | Identified the +0 pair of boots "Cupil" {rF+ rC+ Int+2}
 85812 | Depths:1 | Identified the +9 eveningstar "Killer Bee's Curse" {heavy,
                  | rPois Int+6}
 85849 | Depths:2 | Reached skill level 8 in Translocations
 85851 | Depths:2 | Noticed a caustic shrike
 86001 | Depths:2 | Reached skill level 17 in Conjurations
 86344 | Depths:1 | HP: 93/190 [something (9)]
 86560 | Depths:2 | Received a gift from Sif Muna
 86671 | Depths:1 | Killed Gumuy's ghost
 86744 | Depths:2 | Noticed a juggernaut
 86749 | Depths:2 | Killed a juggernaut
 87257 | Depths:2 | Identified the ring of Hugaapity {rElec rF+ rN+++ MP-9
                  | Str+3}
 87417 | Depths:2 | Reached skill level 9 in Translocations
 87423 | Depths:2 | Noticed a juggernaut
 87425 | Depths:2 | Killed a caustic shrike
 87426 | Depths:2 | Reached skill level 19 in Spellcasting
 87426 | Depths:2 | Reached XP level 23. HP: 199/199 MP: 7/46
 87434 | Depths:2 | Killed a juggernaut
 87603 | Depths:2 | Found a runed translucent door.
 87942 | Depths:2 | Found a runed translucent door.
 88269 | Depths:2 | Found a one-way gate leading to the halls of Pandemonium.
 88519 | Depths:2 | Noticed a juggernaut
 88536 | Depths:2 | Found a runed translucent door.
 88791 | Depths:3 | Found Xam Pebe's Vocational Training.
 89236 | Depths:3 | Found a runed translucent door.
 89239 | Depths:3 | Bought a manual of Evocations for 960 gold pieces
 89239 | Depths:3 | Bought a manual of Invocations for 960 gold pieces
 89245 | Depths:3 | Noticed Mara
 89264 | Depths:3 | Received a gift from Sif Muna
 89272 | Depths:3 | Reached skill level 1 in Evocations
 89512 | Depths:3 | Reached skill level 2 in Evocations
 89797 | Depths:3 | Identified the +1 dagger of Watchfulness {drain, rPois rN+
                  | rCorr}
 89991 | Depths:3 | Found a one-way gate to the infinite horrors of the Abyss.
 90486 | Depths:3 | Reached skill level 3 in Evocations
 90487 | Depths:3 | Reached skill level 10 in Translocations
 90857 | Depths:3 | Killed Mara
 90858 | Depths:3 | Reached skill level 4 in Evocations
 91200 | Depths:3 | Learned a level 6 spell: Dispersal
 91499 | Depths:3 | Reached skill level 13 in Invocations
 91499 | Depths:3 | Reached skill level 5 in Evocations
 91513 | Depths:3 | Reached skill level 18 in Conjurations
 91633 | Depths:3 | HP: 92/199 [iron giant/iron shot (42)]
 92192 | Depths:3 | Identified the ring "Egatik" {rCorr EV+5 Int-2 SInv Stlth+}
 92214 | Depths:3 | Reached skill level 6 in Evocations
 92301 | Depths:3 | Noticed a shard shrike
 92301 | Depths:3 | Noticed a shard shrike
 92331 | Depths:3 | Found a runed translucent door.
 92335 | Depths:3 | Killed a shard shrike
 92339 | Depths:3 | Killed a shard shrike
 92710 | Depths:3 | Reached skill level 7 in Evocations
 92725 | Depths:3 | Received a gift from Sif Muna
 92726 | Depths:3 | Got Sif Muna's Guidebook on the Vertex and Obstruction {god
                  | gift}
 93045 | Depths:4 | Entered Level 4 of the Depths
 93052 | Depths:4 | Reached skill level 14 in Invocations
 93052 | Depths:4 | HP: 99/199 [spore (15)]
 93373 | Depths:4 | Noticed a juggernaut
 93519 | Depths:4 | Killed a juggernaut
 93520 | Depths:4 | Reached skill level 8 in Evocations
 93624 | Depths:4 | Noticed a caustic shrike
 93628 | Depths:4 | Killed a caustic shrike
 93630 | Depths:4 | Noticed a caustic shrike
 93635 | Depths:4 | Noticed a caustic shrike
 93636 | Depths:4 | Killed a caustic shrike
 93640 | Depths:4 | Noticed a caustic shrike
 93648 | Depths:4 | Noticed a caustic shrike
 93654 | Depths:4 | Killed a caustic shrike
 93664 | Depths:4 | Killed a caustic shrike
 93675 | Depths:4 | Killed a caustic shrike
 93710 | Depths:4 | Reached skill level 9 in Evocations
 93789 | Depths:4 | Noticed Xtahua
 93793 | Depths:4 | Killed Xtahua
 93961 | Depths:4 | Reached skill level 15 in Invocations
 94136 | Depths:4 | Reached XP level 24. HP: 176/206 MP: 6/46
 94623 | Depths:4 | Found a glowing golden altar of the Shining One.
 94686 | Depths:4 | Reached skill level 10 in Evocations
 95089 | Depths:4 | Reached skill level 20 in Spellcasting
 95374 | Depths:4 | Found a gate to the Realm of Zot.
 95743 | Depths:4 | Learned a level 9 spell: Chain Lightning
 96150 | Slime:1  | Entered Level 1 of the Pits of Slime
 96488 | Slime:3  | HP: 102/206 [spore (7)]
 96489 | Slime:3  | Reached skill level 19 in Conjurations
 96489 | Slime:3  | Reached skill level 16 in Invocations
 96717 | Slime:3  | Paralysed by a formless jellyfish for 1 turns
 96852 | Slime:3  | Paralysed by a formless jellyfish for 1 turns
 96861 | Slime:3  | HP: 98/206 [spore (9)]
 97229 | Slime:4  | Received a gift from Sif Muna
 97446 | Slime:5  | Entered Level 5 of the Pits of Slime
 98025 | Slime:5  | Reached skill level 20 in Conjurations
 98608 | Slime:5  | Found a viscous altar of Jiyva.
 98615 | Slime:5  | Found the +7 captain's cutlass {speed, disarm}
 98617 | Slime:5  | Received a gift from Sif Muna
 99359 | Slime:5  | Noticed the Royal Jelly
 99363 | Slime:5  | Killed the Royal Jelly
 99390 | Slime:5  | HP: 99/206 [rockslime (36)]
 99398 | Slime:5  | HP: 93/206 [spore (9)]
100281 | Slime:5  | Got a slimy rune of Zot
100320 | Slime:5  | Identified the amulet of the Establishment {Reflect Str+3
                  | SH+5}
100360 | Slime:5  | Identified the staff "Utem" {rPois rF+ rN+ Int-3 Necro
                  | Tloc}
100395 | Slime:5  | Identified the staff "Aghi" {rC+ Dex+4 Tloc Ice}
100928 | Vaults:5 | Entered Level 5 of the Vaults
100929 | Vaults:5 | Noticed a dread lich
100932 | Vaults:5 | Reached skill level 21 in Conjurations
100944 | Vaults:5 | Killed a dread lich
100951 | Vaults:4 | HP: 98/206 [purple very ugly thing (10)]
101190 | Vaults:5 | Gained mutation: You occasionally lose the ability to drink
                  | potions when taking damage. [a shining eye]
101310 | Vaults:5 | HP: 101/206 [spore (13)]
101320 | Vaults:5 | Received a gift from Sif Muna
101321 | Vaults:5 | HP: 99/206 [spore (12)]
101419 | Vaults:5 | Reached skill level 22 in Conjurations
101419 | Vaults:5 | HP: 97/206 [sphinx/divine providence (11)]
101424 | Vaults:5 | HP: 94/206 [sphinx (6)]
102056 | Vaults:5 | Identified the +8 great sword "Jigefy" {flame, Str+3 Dex+4}
102118 | Vaults:5 | Reached XP level 25. HP: 213/213 MP: 24/47
102237 | Vaults:5 | Identified the +8 trident of the Other Side {spect, rPois}
102710 | Vaults:5 | Identified the +1 ring mail of Loss {*Corrode Will+ Regen+}
102988 | Vaults:5 | Identified the +1 scale mail of the Fabulous God {-Tele Fly
                  | SInv}
103221 | Vaults:5 | Identified the ring of Wox Seid {Fire rElec rCorr}
103237 | Vaults:5 | Identified the +8 war axe "Xaonav" {antimagic, rElec}
103555 | Vaults:5 | Got Sif Muna's Vademecum on the Radiant Escort {god gift}
104107 | Vaults:5 | Got a silver rune of Zot
105075 | Zot:1    | Entered Level 1 of the Realm of Zot
105401 | Zot:1    | Reached skill level 23 in Air Magic
105722 | Zot:1    | Noticed an orb of fire
105728 | Zot:1    | Gained mutation: You sometimes lose the ability to drink
                  | potions when taking damage. [an orb of fire]
105730 | Zot:1    | Killed an orb of fire
105903 | Zot:1    | Reached skill level 23 in Conjurations
106465 | Zot:2    | Received a gift from Sif Muna
107899 | Zot:2    | Got Sif Muna's Lessons on Airy Cryomancy {god gift}
108490 | Zot:1    | Identified the +8 long sword of Luxury {freeze, rN+ Int+3
                  | Dex-5 Stlth+}
109396 | Zot:3    | Reached skill level 24 in Air Magic
109600 | Zot:3    | HP: 104/213 [poisoned by a green draconian monk (blast of
                  | poison)]
109605 | Zot:2    | HP: 95/213 [poisoned by a green draconian monk (blast of
                  | poison)]
109610 | Zot:2    | HP: 93/213 [poisoned by a green draconian monk (blast of
                  | poison)]
110021 | Zot:3    | Reached skill level 24 in Conjurations
110320 | Zot:3    | HP: 80/213 [??? (51)]
110668 | Zot:3    | HP: 81/213 [??? (51)]
111550 | Zot:3    | Reached XP level 26. HP: 221/221 MP: 40/47
111577 | Zot:3    | Reached skill level 7 in Dodging
112453 | Zot:4    | Received a gift from Sif Muna
112454 | Zot:4    | Got Sif Muna's Almanac of Unstable Sidekicks {god gift}
113164 | Zot:4    | Reached skill level 8 in Dodging
114032 | Zot:5    | Entered Level 5 of the Realm of Zot
114267 | Zot:5    | Found the +4 dragonskin cloak
114267 | Zot:5    | Noticed Tiamat
114271 | Zot:5    | Killed Tiamat
114905 | Zot:5    | Noticed a dread lich
114909 | Zot:5    | Killed a dread lich
114920 | Zot:5    | Noticed a dread lich
114924 | Zot:5    | Killed a dread lich
114925 | Zot:5    | Reached skill level 9 in Dodging
115086 | Zot:5    | Noticed an orb of fire
115089 | Zot:5    | Gained mutation: You are frail. (-10% HP) [an orb of fire]
115091 | Zot:5    | Killed an orb of fire
115157 | Zot:5    | Noticed an ancient lich
115159 | Zot:5    | Noticed an orb of fire
115161 | Zot:5    | Killed an ancient lich
115162 | Zot:5    | Reached skill level 25 in Air Magic
115166 | Zot:5    | Killed an orb of fire
115168 | Zot:5    | Noticed an orb of fire
115173 | Zot:5    | Gained mutation: You occasionally lose the ability to read
                  | scrolls when taking damage. [an orb of fire]
115193 | Zot:5    | Gained mutation: You are weak. (Str -2) [an orb of fire]
115400 | Zot:5    | Killed an orb of fire
115416 | Zot:5    | Noticed an orb of fire
115417 | Zot:5    | Gained mutation: You are clumsy. (Dex -2) [an orb of fire]
115418 | Zot:5    | Gained mutation: You are very frail. (-20% HP) [an orb of
                  | fire]
115421 | Zot:5    | Killed an orb of fire
115422 | Zot:5    | Reached skill level 25 in Conjurations
115484 | Zot:5    | Reached skill level 10 in Dodging
115607 | Zot:5    | Noticed an orb of fire
115610 | Zot:5    | Noticed an orb of fire
115611 | Zot:5    | Killed an orb of fire
115612 | Zot:5    | Gained mutation: You are dopey. (Int -2) [an orb of fire]
115615 | Zot:5    | Killed an orb of fire
115636 | Zot:5    | Noticed an orb of fire
115640 | Zot:5    | Gained mutation: You expend magic power (3 MP) to
                  | strengthen your wands. [an orb of fire]
115641 | Zot:5    | Killed an orb of fire
115642 | Zot:5    | Reached skill level 11 in Evocations
115751 | Zot:5    | Noticed an orb of fire
115754 | Zot:5    | Gained mutation: You sometimes lose your temper in combat.
                  | [an orb of fire]
115759 | Zot:5    | Gained mutation: Your body sometimes deteriorates upon
                  | taking damage. [an orb of fire]
115760 | Zot:5    | Gained mutation: You have an uncontrollable temper. [an orb
                  | of fire]
115761 | Zot:5    | Killed an orb of fire
115879 | Zot:5    | Reached skill level 17 in Invocations
115879 | Zot:5    | Reached skill level 12 in Evocations
115919 | Zot:5    | Noticed an orb of fire
115922 | Zot:5    | Gained mutation: Your magical capacity is low. (-10% MP)
                  | [an orb of fire]
115924 | Zot:5    | Killed an orb of fire
116189 | Zot:5    | Reached skill level 18 in Invocations
116189 | Zot:5    | Noticed an orb of fire
116193 | Zot:5    | Reached XP level 27. HP: 159/181 MP: 8/42
116198 | Zot:5    | Lost mutation: You occasionally lose the ability to read
                  | scrolls when taking damage. [an orb of fire]
116200 | Zot:5    | Gained mutation: You are extremely frail. (-30% HP) [an orb
                  | of fire]
116201 | Zot:5    | Killed an orb of fire
116376 | Zot:5    | Noticed an ancient lich
116380 | Zot:5    | Killed an ancient lich
116386 | Zot:5    | Noticed an orb of fire
116387 | Zot:5    | Gained mutation: You occasionally shout uncontrollably at
                  | your foes. [an orb of fire]
116390 | Zot:5    | Killed an orb of fire
116819 | Zot:5    | Lost mutation: You have an uncontrollable temper. [potion
                  | of mutation]
116819 | Zot:5    | Lost mutation: You sometimes lose the ability to drink
                  | potions when taking damage. [potion of mutation]
116819 | Zot:5    | Lost mutation: You are clumsy. (Dex -2) [potion of
                  | mutation]
116820 | Zot:5    | Lost mutation: You occasionally shout uncontrollably at
                  | your foes. [potion of mutation]
116820 | Zot:5    | Lost mutation: You are weak. (Str -2) [potion of mutation]
116820 | Zot:5    | Lost mutation: Your magical capacity is low. (-10% MP)
                  | [potion of mutation]
116820 | Zot:5    | Lost mutation: You are extremely frail. (-30% HP) [potion
                  | of mutation]
116820 | Zot:5    | Gained mutation: Your spells are a little harder to cast,
                  | but a little more powerful. [potion of mutation]
116821 | Zot:5    | Lost mutation: You are dopey. (Int -2) [potion of mutation]
116821 | Zot:5    | Lost mutation: You expend magic power (3 MP) to strengthen
                  | your wands. [potion of mutation]
116821 | Zot:5    | Gained mutation: You are clumsy. (Dex -2) [potion of
                  | mutation]
116821 | Zot:5    | Gained mutation: You have large cloven feet. [potion of
                  | mutation]
116822 | Zot:5    | Lost mutation: You are clumsy. (Dex -2) [potion of
                  | mutation]
116822 | Zot:5    | Lost mutation: You are very frail. (-20% HP) [potion of
                  | mutation]
116822 | Zot:5    | Gained mutation: Your tail ends in a venomous barb. [potion
                  | of mutation]
116822 | Zot:5    | Gained mutation: You have hidden genetic defects. [potion
                  | of mutation]
116822 | Zot:5    | Gained mutation: Your tail ends in a sharp venomous barb.
                  | [potion of mutation]
116823 | Zot:5    | Lost mutation: You sometimes lose your temper in combat.
                  | [potion of mutation]
116823 | Zot:5    | Lost mutation: Your spells are a little harder to cast, but
                  | a little more powerful. [potion of mutation]
116823 | Zot:5    | Lost mutation: You occasionally lose the ability to drink
                  | potions when taking damage. [potion of mutation]
116824 | Zot:5    | Lost mutation: You have large cloven feet. [potion of
                  | mutation]
116824 | Zot:5    | Lost mutation: You have hidden genetic defects. [potion of
                  | mutation]
116824 | Zot:5    | Lost mutation: You are frail. (-10% HP) [potion of
                  | mutation]
116824 | Zot:5    | Gained mutation: You are agile. (Dex +4, Str/Int -1)
                  | [potion of mutation]
116824 | Zot:5    | Gained mutation: You have a pair of small antennae on your
                  | head. [potion of mutation]
116824 | Zot:5    | Gained mutation: You have a pair of antennae on your head.
                  | [potion of mutation]
116825 | Zot:5    | Lost mutation: You have a pair of antennae on your head.
                  | [potion of mutation]
116825 | Zot:5    | Lost mutation: You are agile. (Dex +4, Str/Int -1) [potion
                  | of mutation]
116825 | Zot:5    | Lost mutation: You have a pair of small antennae on your
                  | head. [potion of mutation]
116825 | Zot:5    | Gained mutation: You are somewhat resistant to further
                  | mutation. [potion of mutation]
117102 | Hell     | Entered the Vestibule of Hell
117102 | Hell     | Noticed Geryon
117275 | Hell     | Received a gift from Sif Muna
117275 | Hell     | HP: 108/227 [??? (69)]
117521 | Hell     | Killed Geryon
117522 | Hell     | Reached skill level 21 in Spellcasting
117674 | Hell     | Reached skill level 19 in Invocations
117675 | Hell     | Reached skill level 13 in Evocations
118299 | Hell     | Got Iplad's Almanac of the Leaden Welkin {god gift}
118383 | Hell     | Found a gateway to the ashen valley of Gehenna.
118588 | Hell     | Found a gateway to the Iron City of Dis.
118647 | Hell     | Found a gateway to the freezing wastes of Cocytus.
118728 | Hell     | Found a gateway to the decaying netherworld of Tartarus.
118751 | Hell     | Learned a level 7 spell: Spellforged Servitor
118861 | Zig:1    | Entered Level 1 of a ziggurat
118913 | Zig:2    | Entered Level 2 of a ziggurat
118922 | Zig:2    | Reached skill level 14 in Evocations
119079 | Zig:3    | Entered Level 3 of a ziggurat
119189 | Zig:4    | Entered Level 4 of a ziggurat
119298 | Zig:5    | Entered Level 5 of a ziggurat
119303 | Zig:5    | Found the +10 Black Knight's barding {ponderous, rPois rN+}
119452 | Zig:5    | Identified the +1 chain mail of the Jolly Portals {Regen+}
119462 | Zig:6    | Entered Level 6 of a ziggurat
119590 | Zig:7    | Entered Level 7 of a ziggurat
119703 | Zig:7    | Found the +12 glaive of Prune {freeze, Prune}
119729 | Zig:7    | Reached skill level 22 in Spellcasting
119729 | Zig:7    | Reached skill level 3 in Earth Magic
119730 | Zig:7    | Reached skill level 6 in Earth Magic
119740 | Zig:7    | Learned a level 8 spell: Lehudib's Crystal Spear
119740 | Zig:7    | Identified the +0 gold dragon scales of Valiance {rPois rF+
                  | rC+ Str+4}
119747 | Zig:8    | Entered Level 8 of a ziggurat
119752 | Zig:8    | Noticed an ancient lich
119754 | Zig:8    | Noticed a dread lich
119757 | Zig:8    | Killed a dread lich
119761 | Zig:8    | Killed an ancient lich
119762 | Zig:8    | Reached skill level 11 in Stealth
119916 | Zig:8    | Identified the staff of Disarray {rElec rN++ Int-3 Air
                  | Earth}
119933 | Zig:9    | Entered Level 9 of a ziggurat
119940 | Zig:9    | Found the +8 mithril axe "Arga" {speed, Will+}
119956 | Zig:9    | Reached skill level 7 in Earth Magic
120209 | Zig:9    | Reached skill level 9 in Earth Magic
120215 | Zig:10   | Entered Level 10 of a ziggurat
120226 | Zig:10   | Paralysed by an air elemental for 1 turns
120230 | Zig:10   | Paralysed by an air elemental for 1 turns
120232 | Zig:10   | Paralysed by an air elemental for 1 turns
120245 | Zig:10   | HP: 113/228 [electric golem/bolt of lightning (9)]
120250 | Zig:10   | HP: 99/228 [shock serpent/bolt of electricity (6)]
120256 | Zig:10   | HP: 94/228 [shock serpent/bolt of electricity (6)]
120556 | Zig:10   | Learned a level 6 spell: Starburst
120557 | Zig:11   | Entered Level 11 of a ziggurat
120567 | Zig:11   | Reached ****** piety under Sif Muna
120573 | Zig:11   | Reached skill level 6 in Fire Magic
120580 | Zig:11   | Reached skill level 10 in Earth Magic
120738 | Zig:11   | Identified the +1 shortbow of the Original Sin {flame, rN+}
120740 | Zig:11   | Identified the +3 broad axe "Kuroneo" {flame, Str+3}
120774 | Zig:12   | Entered Level 12 of a ziggurat
120792 | Zig:12   | Reached skill level 12 in Stealth
120793 | Zig:12   | Reached skill level 7 in Fire Magic
120798 | Zig:12   | Reached skill level 16 in Fighting
120944 | Zig:12   | Identified the ring "Teziciv" {Fly rC+ Str+3 Stlth+}
120945 | Zig:12   | Identified the ring "Waog" {+Blink rElec rF+++ rN+ Int-2}
120959 | Zig:13   | Entered Level 13 of a ziggurat
120980 | Zig:13   | Reached skill level 11 in Earth Magic
121259 | Zig:14   | Entered Level 14 of a ziggurat
121284 | Zig:14   | Reached skill level 12 in Earth Magic
121462 | Zig:14   | Identified the +4 morningstar of Doom {antimagic, Stlth+}
121467 | Zig:14   | Identified the amulet of the Komtur {Faith SInv}
121470 | Zig:14   | Identified the +1 trident "Coda" {venom, Will+ rCorr Dex+4}
121506 | Zig:15   | Entered Level 15 of a ziggurat
121515 | Zig:15   | Noticed an ancient lich
121515 | Zig:15   | Noticed a dread lich
121516 | Zig:15   | Noticed a dread lich
121516 | Zig:15   | Noticed an ancient lich
121516 | Zig:15   | Noticed an ancient lich
121519 | Zig:15   | Killed an ancient lich
121519 | Zig:15   | Killed a dread lich
121519 | Zig:15   | Killed an ancient lich
121521 | Zig:15   | Killed a dread lich
121521 | Zig:15   | Killed an ancient lich
121525 | Zig:15   | Noticed an ancient lich
121528 | Zig:15   | Reached skill level 13 in Earth Magic
121528 | Zig:15   | Killed an ancient lich
121543 | Zig:15   | Identified the +1 acid dragon scales of Starshine {Regen+
                  | rCorr Int+3}
121677 | Zig:15   | Identified the +6 dagger "Xorikkem" {spect, rElec rC+ Str+3
                  | Int-3}
121683 | Zig:15   | Identified the +4 falchion of Innocence {drain, Dex+5}
121690 | Zig:15   | Identified the +0 pair of gloves "Sarawn" {+Blink Str+4
                  | Int-5}
121750 | Zig:16   | Entered Level 16 of a ziggurat
121763 | Zig:16   | HP: 115/231 [??? (74)]
121764 | Zig:16   | HP: 55/231 [cacodemon/bolt of devastation (38)]
121775 | Zig:16   | HP: 79/231 [??? (51)]
121786 | Zig:16   | HP: 85/231 [arc of chain lightning (4)]
121787 | Zig:16   | Reached skill level 1 in Shapeshifting
121789 | Zig:16   | Reached skill level 2 in Shapeshifting
121802 | Zig:16   | HP: 78/231 [something (6)]
121804 | Zig:16   | HP: 7/231 [Brimstone Fiend/damnation (51)]
121804 | Zig:16   | Gained mutation: You are dopey. (Int -2) [a cacodemon]
121809 | Zig:16   | Noticed Lostiubb the pandemonium lord
121823 | Zig:16   | HP: 97/231 [Lostiubb the pandemonium lord (8)]
121832 | Zig:16   | Reached skill level 26 in Conjurations
121832 | Zig:16   | Reached skill level 4 in Shapeshifting
121832 | Zig:16   | HP: 90/231 [balrug/divine providence (10)]
122099 | Depths:1 | Acquired a manual of Fighting
122171 | Geh:1    | Entered Level 1 of Gehenna
122361 | Geh:1    | HP: 102/205 [arc of chain lightning (8)]
122362 | Geh:1    | Reached skill level 5 in Shapeshifting
122573 | Geh:1    | Reached skill level 14 in Earth Magic
123098 | Geh:2    | Reached skill level 6 in Shapeshifting
123131 | Geh:2    | HP: 85/197 [hellion/damnation (24)]
123152 | Geh:2    | HP: 81/203 [hellephant/blast of flame (7)]
123849 | Geh:3    | Reached skill level 7 in Shapeshifting
124288 | Geh:4    | Reached skill level 15 in Earth Magic
124292 | Geh:4    | HP: 111/231 [arc of chain lightning (13)]
125139 | Geh:5    | Reached skill level 8 in Shapeshifting
125233 | Geh:6    | Reached skill level 1 in Summonings
125236 | Geh:6    | HP: 96/202 [hellephant/blast of flame (9)]
125588 | Geh:5    | Reached skill level 2 in Summonings
125660 | Geh:5    | HP: 51/136 [??? (32)]
126136 | Geh:6    | HP: 81/163 [hellephant/blast of flame (13)]
126145 | Geh:6    | HP: 28/170 [Brimstone Fiend/damnation (41)]
126206 | Geh:6    | Reached skill level 3 in Summonings
126727 | Geh:7    | Entered Level 7 of Gehenna
126833 | Geh:7    | HP: 96/208 [salamander tyrant/flame surge (11)]
126848 | Geh:7    | HP: 78/212 [salamander tyrant (16)]
126854 | Geh:7    | HP: 59/213 [salamander tyrant/flame surge (7)]
126857 | Geh:7    | Reached skill level 4 in Summonings
127284 | Geh:7    | Reached skill level 9 in Shapeshifting
127286 | Geh:7    | HP: 82/219 [??? (52)]
127606 | Geh:7    | Reached skill level 16 in Earth Magic
127782 | Geh:7    | Reached skill level 5 in Summonings
127840 | Geh:7    | Identified the +4 falchion of the Real Monster {venom,
                  | Str+4}
128387 | Geh:7    | Found the +13 sceptre of Asmodeus
128387 | Geh:7    | Noticed Asmodeus
128391 | Geh:7    | Killed Asmodeus
128392 | Geh:7    | Reached skill level 10 in Shapeshifting
128459 | Geh:7    | Got an obsidian rune of Zot
128622 | Coc:1    | Entered Level 1 of Cocytus
128944 | Coc:2    | HP: 113/231 [??? (73)]
129289 | Coc:3    | Reached skill level 17 in Earth Magic
129688 | Coc:4    | HP: 102/213 [??? (65)]
129694 | Hell     | Reached skill level 11 in Shapeshifting
130252 | Coc:5    | HP: 93/231 [elemental wellspring/torrent of water (33)]
130799 | Coc:5    | HP: 107/231 [hellion/damnation (30)]
131412 | Coc:5    | Reached skill level 12 in Shapeshifting
131440 | Coc:6    | Paralysed by a wendigo for 1 turns
131449 | Coc:6    | Reached skill level 18 in Earth Magic
131450 | Coc:6    | HP: 88/215 [??? (57)]
131848 | Coc:7    | Entered Level 7 of Cocytus
132154 | Coc:7    | HP: 77/212 [??? (49)]
132174 | Coc:7    | HP: 84/215 [Ice Fiend/bolt of cold (1)]
132196 | Coc:7    | HP: 85/218 [Ice Fiend/bolt of cold (11)]
132243 | Coc:7    | HP: 69/221 [??? (43)]
132262 | Coc:7    | HP: 74/228 [Ice Fiend/bolt of cold (5)]
132559 | Coc:7    | Reached skill level 13 in Shapeshifting
132584 | Coc:7    | HP: 108/231 [juggernaut simulacrum (15)]
132598 | Coc:7    | HP: 102/231 [shard shrike simulacrum (7)]
132863 | Coc:7    | Reached skill level 19 in Earth Magic
132946 | Coc:7    | Paralysed by a wendigo for 1 turns
133374 | Coc:7    | Paralysed by a wendigo for 1 turns
134392 | Coc:7    | Noticed Antaeus
134397 | Coc:7    | Reached skill level 14 in Shapeshifting
134400 | Coc:7    | Killed Antaeus
134408 | Coc:7    | Got an icy rune of Zot
134675 | Hell     | Learned a level 9 spell: Shatter
134676 | Tar:1    | Entered Level 1 of Tartarus
134915 | Tar:2    | HP: 106/223 [??? (68)]
135431 | Tar:3    | Noticed a dread lich
135437 | Tar:3    | Killed a dread lich
135438 | Tar:3    | Reached skill level 20 in Earth Magic
135659 | Tar:4    | Noticed an ancient lich
135663 | Tar:4    | Reached skill level 15 in Shapeshifting
135682 | Hell     | HP: 108/219 [poisoned by a putrid mouth (dark miasma)]
135687 | Hell     | HP: 90/220 [poisoned by a putrid mouth (dark miasma)]
135692 | Hell     | HP: 86/220 [poisoned by a putrid mouth (dark miasma)]
135699 | Hell     | HP: 82/220 [putrid mouth][a doom hound] (4)]
136201 | Tar:4    | Killed an ancient lich
136208 | Tar:4    | HP: 92/221 [hellion/damnation (36)]
136211 | Hell     | HP: 38/221 [hellion/damnation (26)]
136950 | Tar:6    | HP: 82/224 [??? (52)]
137283 | Dis:1    | Entered Level 1 of the Iron City of Dis
137441 | Dis:2    | Reached skill level 1 in Staves
137448 | Dis:2    | Reached skill level 2 in Staves
137566 | Dis:2    | Reached skill level 3 in Staves
138232 | Dis:4    | Reached skill level 4 in Staves
138369 | Dis:4    | Reached skill level 16 in Shapeshifting
138371 | Dis:4    | Reached skill level 5 in Staves
138371 | Dis:4    | Reached skill level 21 in Earth Magic
138408 | Dis:4    | HP: 110/226 [iron golem (41)]
139141 | Dis:5    | Reached skill level 6 in Staves
139903 | Dis:6    | HP: 70/187 [hellion/damnation (35)]
139905 | Dis:6    | HP: 9/187 [hellion/damnation (27)]
140362 | Dis:6    | sleeves: ??deaths door
140362 | Dis:6    | beem: deaths door ~ death's door[1/3]: Level 9 Necromancy
                  | spell, found in the Necronomicon. Renders the caster
                  | invulnerable, but reduces you to power/10 + kiku piety/15
                  | health (up to 20+13). Cannot be recast until 1d3 turns
                  | after expiry. You get an end warning. Healing effects other
                  | than Revivification (which will confuse+paralyse you+end
                  | ddoor if cast but work!) do not work. Duration is ~16-25
                  | turns.
140754 | Depths:3 | Voluntarily entered the Abyss.
140758 | Abyss:1  | Found a corrupted altar of Lugonu.
140761 | Abyss:1  | Found a corrupted altar of Lugonu.
140801 | Abyss:1  | Found an opulent altar of Gozag.
140881 | Abyss:1  | Found an opulent altar of Gozag.
140920 | Abyss:1  | HP: 53/110 [bone dragon (3)]
141213 | Abyss:1  | HP: 82/165 [tentacled starspawn (16)]
141218 | Abyss:1  | HP: 73/172 [tentacled starspawn (11)]
141223 | Abyss:1  | HP: 40/178 [rakshasa/+0 trident (7)]
141228 | Abyss:1  | HP: 48/178 [rakshasa/+0 trident (3)]
141229 | Abyss:1  | Reached skill level 7 in Staves
141251 | Abyss:1  | HP: 50/184 [poisoned by a guardian serpent (bolt of
                  | poison)]
141256 | Abyss:1  | HP: 36/186 [poisoned by a guardian serpent (bolt of
                  | poison)]
141929 | Abyss:3  | HP: 112/226 [thrashing horror (10)]
141932 | Abyss:3  | Reached skill level 8 in Staves
141939 | Abyss:3  | HP: 91/231 [starcursed mass/accursed screaming (7)]
141946 | Abyss:3  | HP: 140/346 [thrashing horror (1)]
141956 | Abyss:3  | HP: 88/346 [??? (56)]
141958 | Depths:3 | Escaped the Abyss
142260 | Depths:3 | Voluntarily entered the Abyss.
142312 | Abyss:3  | Found a corrupted altar of Lugonu.
142388 | Abyss:3  | HP: 109/231 [lurking horror (71)]
142629 | Abyss:3  | Found a corrupted altar of Lugonu.
142635 | Abyss:3  | Reached skill level 17 in Shapeshifting
142882 | Abyss:3  | Reached skill level 9 in Staves
142895 | Abyss:3  | Noticed an ancient lich
142928 | Abyss:3  | Reached skill level 22 in Earth Magic
142967 | Abyss:3  | Paralysed by accursed screaming for 1 turns
142968 | Abyss:3  | HP: 112/231 [starcursed mass (7)]
142979 | Abyss:3  | HP: 88/231 [starcursed mass/accursed screaming (4)]
142988 | Abyss:3  | HP: 75/231 [starcursed mass/accursed screaming (5)]
142992 | Abyss:3  | HP: 28/231 [Hell Sentinel/iron shot (47)]
143242 | Abyss:3  | Noticed a dread lich
143247 | Abyss:3  | Killed a dread lich
143679 | Abyss:3  | Reached skill level 10 in Staves
143766 | Depths:3 | Escaped the Abyss
143892 | Depths:3 | Voluntarily entered the Abyss.
143949 | Abyss:3  | Noticed an ancient lich
144045 | Abyss:3  | Killed an ancient lich
144060 | Abyss:3  | Noticed an ancient lich
144160 | Abyss:3  | Killed an ancient lich
144508 | Abyss:3  | HP: 109/231 [arc of chain lightning (10)]
144513 | Abyss:3  | HP: 105/231 [burnt (3)]
144538 | Abyss:3  | Got an abyssal rune of Zot
144546 | Abyss:3  | HP: 95/231 [glowing orange brain/psychic fangs (7)]
144558 | Depths:3 | Escaped the Abyss
144838 | Pan      | Entered Pandemonium
144845 | Pan      | Reached skill level 18 in Shapeshifting
144873 | Pan      | HP: 83/231 [??? (53)]
144874 | Pan      | Reached skill level 11 in Staves
145333 | Depths:2 | Escaped Pandemonium
145335 | Pan      | Entered Pandemonium
145336 | Pan      | Found Saud's Superb Hardware.
145411 | Pan      | Found an opulent altar of Gozag.
145431 | Pan      | Noticed a dread lich
145435 | Pan      | Killed a dread lich
145586 | Pan      | Found an opulent altar of Gozag.
145619 | Pan      | Found Saud's Quality Elixirs.
145634 | Pan      | HP: 104/228 [blizzard demon/the air (29)]
145636 | Pan      | Noticed Saud the pandemonium lord
145640 | Pan      | HP: 58/230 [blizzard demon/the air (9)]
145646 | Pan      | HP: 56/230 [arc of chain lightning (4)]
145969 | Pan      | Found an opulent altar of Gozag.
145978 | Pan      | Killed Saud the pandemonium lord
145992 | Pan      | HP: 114/231 [hellion/damnation (27)]
145999 | Pan      | Reached skill level 23 in Earth Magic
146000 | Pan      | HP: 66/231 [arc of chain lightning (11)]
146009 | Pan      | Found Saud's Infernal Boutique.
146030 | Pan      | Found Saud's Demonic Rune Inventory.
146291 | Pan      | Bought a potion of heal wounds for 80 gold pieces
146291 | Pan      | Bought 2 potions of magic for 256 gold pieces
146291 | Pan      | Bought a potion of cancellation for 128 gold pieces
146291 | Pan      | Bought a potion of heal wounds for 80 gold pieces
146291 | Pan      | Bought a potion of mutation for 128 gold pieces
146291 | Pan      | Bought a potion of mutation for 128 gold pieces
146291 | Pan      | Bought a potion of might for 64 gold pieces
146326 | Pan      | Bought a demonic rune of Zot for 4496 gold pieces
146507 | Pan      | Reached skill level 12 in Staves
147293 | Pan      | Identified the +5 sling of Etsiett {elec, ^Fragile rElec
                  | rN+ MP+9}
147489 | Pan      | HP: 104/231 [angel/+2 sacred scourge of holy wrath (14)]
147919 | Pan      | Identified the +5 rapier "Kouza" {heavy, rF+ Str+2}
147919 | Pan      | Identified the +4 ring mail "Tikk" {rElec}
147942 | Pan      | Identified the +5 gold dragon scales of Egalitarianism
                  | {-Tele Harm rPois rF+ rC+ Str+10 Int-5}
147942 | Pan      | Noticed a seraph
147945 | Pan      | Killed a seraph
147946 | Pan      | Reached skill level 19 in Shapeshifting
148221 | Pan      | Found a glowing golden altar of the Shining One.
148434 | Depths:2 | Escaped Pandemonium
148436 | Pan      | Entered Pandemonium
149042 | Pan      | Gained mutation: You are clumsy. (Dex -2) [a cacodemon]
149181 | Pan      | Entered the realm of Lom Lobon.
149545 | Pan      | Noticed Lom Lobon
149549 | Pan      | Killed Lom Lobon
149550 | Pan      | Reached skill level 24 in Earth Magic
149574 | Pan      | Got a magical rune of Zot
149597 | Pan      | Entered the realm of Cerebov.
150195 | Pan      | HP: 107/231 [Brimstone Fiend/damnation (35)]
150533 | Pan      | Found the +6 sword of Cerebov {flame}
150533 | Pan      | Noticed Cerebov
150540 | Pan      | Killed Cerebov
150541 | Pan      | Reached skill level 20 in Shapeshifting
150562 | Pan      | Got a fiery rune of Zot
150629 | Pan      | Identified the +3 morningstar of the Invisible Youths
                  | {drain, rElec}
150650 | Pan      | Identified the +5 scale mail of the Ageless Lies {Dex+3}
151332 | Pan      | Identified the +5 broad axe of Arrival {drain, Str-4 Int+3}
151992 | Pan      | Entered the realm of Gloorx Vloq.
152274 | Pan      | Reached skill level 25 in Earth Magic
152691 | Pan      | Reached skill level 21 in Shapeshifting
152907 | Pan      | Noticed Gloorx Vloq
152910 | Pan      | HP: 73/231 [??? (57)]
152922 | Pan      | HP: 65/231 [Gloorx Vloq/poison arrow (9)]
152927 | Pan      | HP: 60/231 [poisoned by Gloorx Vloq (poison arrow)]
152932 | Pan      | HP: 58/231 [poisoned by Gloorx Vloq (poison arrow)]
153054 | Pan      | HP: 109/231 [Executioner (4)]
153735 | Pan      | Reached skill level 22 in Shapeshifting
154083 | Pan      | HP: 72/231 [??? (57)]
154086 | Pan      | HP: 25/231 [??? (18)]
154549 | Pan      | Killed Gloorx Vloq
154565 | Pan      | Got a dark rune of Zot
154907 | Pan      | Found an exit through the horrors of the Abyss.
155052 | Pan      | Entered the realm of Mnoleg.
155360 | Pan      | Lost mutation: Your tail ends in a sharp venomous barb.
                  | [potion of mutation]
155360 | Pan      | Lost mutation: You are dopey. (Int -2) [potion of mutation]
155361 | Pan      | Lost mutation: You are clumsy. (Dex -2) [potion of
                  | mutation]
155361 | Pan      | Lost mutation: You are somewhat resistant to further
                  | mutation. [potion of mutation]
155361 | Pan      | Lost mutation: Your body sometimes deteriorates upon taking
                  | damage. [potion of mutation]
155361 | Pan      | Gained mutation: You have a pair of small horns on your
                  | head. [potion of mutation]
155616 | Pan      | Noticed Mnoleg
155703 | Pan      | Reached skill level 11 in Translocations
155831 | Pan      | Killed Mnoleg
155960 | Pan      | Reached skill level 13 in Stealth
156049 | Pan      | Got a glowing rune of Zot
156206 | Pan      | Reached skill level 17 in Fighting
156233 | Pan      | HP: 108/230 [arc of chain lightning (16)]
156807 | Pan      | Reached skill level 14 in Stealth
156809 | Pan      | Noticed Azxirhu the pandemonium lord
156817 | Pan      | Killed Azxirhu the pandemonium lord
156818 | Pan      | Reached skill level 12 in Translocations
156818 | Pan      | Reached skill level 23 in Shapeshifting
156840 | Pan      | Reached skill level 18 in Fighting
157050 | Pan      | Found an exit through the horrors of the Abyss.
157057 | Pan      | Noticed Yrakoys the pandemonium lord
157063 | Pan      | Took an exit into the Abyss.
157063 | Abyss:3  | Escaped into the Abyss
157071 | Depths:2 | Escaped the Abyss
157330 | Tar:6    | Reached skill level 15 in Stealth
157488 | Tar:7    | Entered Level 7 of Tartarus
157692 | Tar:7    | Reached skill level 19 in Fighting
157987 | Tar:7    | Noticed Ereshkigal
157990 | Tar:7    | Reached skill level 13 in Translocations
157991 | Tar:7    | Reached skill level 15 in Evocations
157992 | Tar:7    | Killed Ereshkigal
157993 | Tar:7    | Reached skill level 16 in Stealth
158006 | Tar:7    | Got a bone rune of Zot
158474 | Dis:7    | Entered Level 7 of the Iron City of Dis
158490 | Dis:7    | Noticed a dread lich
158496 | Dis:7    | Killed a dread lich
158497 | Dis:7    | Reached skill level 20 in Fighting
158556 | Dis:7    | Noticed the Serpent of Hell
158565 | Dis:7    | Reached skill level 14 in Translocations
158565 | Dis:7    | Reached skill level 16 in Evocations
158569 | Dis:7    | Reached skill level 17 in Stealth
158570 | Dis:7    | HP: 105/246 [Hell Sentinel/damnation (30)]
158578 | Dis:7    | Noticed a juggernaut
158579 | Dis:7    | HP: 87/246 [Hell Sentinel (30)]
158582 | Dis:7    | Killed a juggernaut
158603 | Dis:7    | HP: 117/246 [iron giant/harpoon shot (1)]
158658 | Dis:7    | Killed the Serpent of Hell
158660 | Dis:7    | Identified the +1 ring mail of Baldness {Stlth+}
158739 | Dis:7    | Identified the +3 hand axe "Uqoulah" {spect, rC+ Str+2
                  | Int-2}
158948 | Dis:7    | Noticed Dispater
158950 | Dis:7    | Noticed a juggernaut
158958 | Dis:7    | Killed a juggernaut
158962 | Dis:7    | HP: 111/246 [Dispater/crystal spear (18)]
158969 | Dis:7    | Killed Dispater
158970 | Dis:7    | Reached skill level 15 in Translocations
158970 | Dis:7    | Reached skill level 17 in Evocations
158994 | Dis:7    | Got an iron rune of Zot
159181 | Dis:7    | Noticed a juggernaut
159666 | Tomb:1   | Entered Level 1 of the Tomb of the Ancients
159764 | Tomb:1   | Reached skill level 8 in Fire Magic
160204 | Tomb:1   | Reached skill level 18 in Stealth
160211 | Tomb:1   | Noticed a royal mummy
160217 | Tomb:1   | Killed a royal mummy
160218 | Tomb:1   | Reached skill level 9 in Fire Magic
160826 | Tomb:1   | Noticed a royal mummy
160827 | Tomb:1   | Noticed a royal mummy
160828 | Tomb:1   | Killed a royal mummy
160833 | Tomb:1   | Noticed a royal mummy
160834 | Tomb:1   | Killed a royal mummy
160835 | Tomb:1   | Reached skill level 10 in Fire Magic
160837 | Tomb:1   | Noticed a royal mummy
160837 | Tomb:1   | Noticed a royal mummy
160838 | Tomb:1   | Killed a royal mummy
160838 | Tomb:1   | Noticed a royal mummy
160839 | Tomb:1   | Killed a royal mummy
160842 | Tomb:1   | Killed a royal mummy
160845 | Tomb:1   | Killed a royal mummy
160846 | Tomb:1   | Reached skill level 11 in Fire Magic
160995 | Tomb:1   | Noticed a royal mummy
160998 | Tomb:1   | Noticed a royal mummy
160999 | Tomb:1   | Killed a royal mummy
161000 | Tomb:1   | Reached skill level 21 in Fighting
161007 | Tomb:1   | Killed a royal mummy
161017 | Tomb:1   | Noticed a royal mummy
161046 | Tomb:1   | Killed a royal mummy
161046 | Tomb:1   | Noticed a royal mummy
161047 | Tomb:1   | Reached skill level 12 in Fire Magic
161056 | Tomb:1   | Killed a royal mummy
161337 | Tomb:2   | Noticed a royal mummy
161341 | Tomb:2   | Noticed a royal mummy
161342 | Tomb:2   | Noticed a royal mummy
161343 | Tomb:2   | Noticed a royal mummy
161344 | Tomb:2   | Killed a royal mummy
161345 | Tomb:2   | Killed a royal mummy
161345 | Tomb:2   | Killed a royal mummy
161346 | Tomb:2   | Reached skill level 13 in Fire Magic
161347 | Tomb:2   | Killed a royal mummy
161348 | Tomb:2   | Noticed a royal mummy
161357 | Tomb:2   | Killed a royal mummy
161358 | Tomb:2   | Reached skill level 14 in Fire Magic
161634 | Tomb:2   | Reached skill level 22 in Fighting
161634 | Tomb:2   | Reached skill level 15 in Fire Magic
161692 | Tomb:3   | Entered Level 3 of the Tomb of the Ancients
161707 | Tomb:3   | Reached skill level 16 in Fire Magic
161712 | Tomb:3   | Noticed a royal mummy
161712 | Tomb:3   | Noticed a royal mummy
161712 | Tomb:3   | Noticed a royal mummy
161712 | Tomb:3   | Noticed a royal mummy
161713 | Tomb:3   | HP: 109/254 [bennu (20)]
161713 | Tomb:3   | HP: 38/254 [bennu (20)]
162128 | Tomb:3   | Reached skill level 17 in Fire Magic
162129 | Tomb:3   | Noticed a royal mummy
162130 | Tomb:3   | Noticed a royal mummy
162130 | Tomb:3   | Noticed a royal mummy
162133 | Tomb:3   | Killed a royal mummy
162133 | Tomb:3   | Killed a royal mummy
162133 | Tomb:3   | Killed a royal mummy
162133 | Tomb:3   | HP: 127/254 [bennu (12)]
162137 | Tomb:3   | Killed a royal mummy
162137 | Tomb:3   | Killed a royal mummy
162138 | Tomb:3   | Reached skill level 18 in Fire Magic
162138 | Tomb:3   | HP: 105/254 [royal mummy/divine providence (9)]
162140 | Tomb:3   | Noticed a royal mummy
162142 | Tomb:3   | Killed a royal mummy
162142 | Tomb:3   | Noticed a royal mummy
162143 | Tomb:3   | HP: 69/254 [arc of chain lightning (6)]
162147 | Tomb:3   | HP: 30/254 [bennu (8)]
162147 | Tomb:3   | HP: 14/254 [royal mummy/divine providence (16)]
162149 | Tomb:3   | Killed a royal mummy
162149 | Tomb:3   | Killed a royal mummy
162149 | Tomb:3   | Killed a royal mummy
162329 | Tomb:3   | Identified the +3 morningstar "Feikuil" {flame, *Rage rElec
                  | Will++ Str+4}
162330 | Tomb:3   | Identified the +1 morningstar of the Sky {flame, *Rage
                  | rElec rF+ Will+ Int+4}
162332 | Tomb:3   | Identified the staff of the Known World {Dex+3 Conj Ice}
162343 | Tomb:3   | Identified the ring of Seemo {EV+5 Str+4}
162346 | Tomb:3   | Identified the +5 triple sword of Veujozia {venom, MP+9}
162374 | Tomb:3   | Identified the ring "Ykizazap" {rF+ Str+6 Dex+2}
162379 | Tomb:3   | Identified the ring of the Skiapode {+Blink rPois rC+ Str-3
                  | Slay+2}
162498 | Tomb:3   | Got a golden rune of Zot
163235 | Zot:5    | Got the Orb of Zot
163328 | Zot:5    | Reached skill level 19 in Fire Magic
163559 | Depths:2 | Noticed Oschayduum the pandemonium lord
163562 | Depths:2 | Killed Oschayduum the pandemonium lord
163949 | D:2      | Noticed Gesa the pandemonium lord
163987 | D:$      | Escaped with the Orb!

Illustrated notes

Levels and vault maps discovered:
D:1:      dpeg_arrival_erosion, layout_basic
D:2:      layout_loops_cross, grunt_ministairs_3, uniq_robin
D:3:      layout_basic, chequers_ecumenical_altar_simple_redux,
          mainiacjoe_sewer_entry_somewhere_in_here_2, minmay_misc_feat_room,
          uniq_ijyb
D:4:      layout_basic, grunt_temple_overflow_open,
          minmay_temple_entry_junction_2, enter_ossuary_1, nrook_campfire,
          uniq_crazy_yiuf_cottage, uniq_menkaure, uniq_eustachio,
          uniq_blork_the_orc, uniq_grinder
D:5:      layout_basic, nicolae_ru_sacrificial_ziggurat
D:6:      layout_basic, minmay_misc_feat_cross, uniq_edmund
D:7:      layout_loops_ring
D:8:      layout_loops_corners, mainiacjoe_overflow_catch_the_wave, uniq_maurice
D:9:      layout_gridville, lair_entry_dummy,
          kennysheep_orc_monster_closet_entryway, serial_shops,
          nicolae_shop_crystal, uniq_erolcha
D:10:     nzn_winding_woodlands_large [nzn_winding_woodlands_5x5_three,
          nzn_winding_woodlands_5x15_jagged, nzn_winding_woodlands_5x5_cross,
          nzn_winding_woodlands_center_pierced_h,
          nzn_winding_woodlands_15x15_thick_spiral,
          nzn_winding_woodlands_center_garden, nzn_winding_woodlands_hourglass,
          nzn_winding_woodlands_5x15_longhouse,
          nzn_winding_woodlands_5x5_perimeter], layout_loops_corners,
          uniq_psyche
D:11:     layout_gridville, minmay_misc_feat_columns, chequers_arboretum,
          dreamdust_gnoll_shepherd
D:12:     layout_basic, serial_shops, nicolae_shop_behind_doors, st_stairs_2,
          kennysheep_small_spiral, nicolae_custom_books, uniq_frances,
          uniq_azrael
D:13:     layout_roguey, skrybe_vaults_entry_preservation, nicolae_diode_stairs,
          uniq_snorg
D:14:     layout_irregular_city, minmay_crystal_room
D:15:     hellmonk_depths_entry_around_the_bend, layout_gridville, serial_shops,
          nicolae_shop_hallway_stairs
Temple:   nicolae_temple_elliptical
Lair:1:   layout_small_grid, basic_altar, grunt_forest_stairs_basic,
          beast_lair_carwin_8
Lair:2:   layout_big_grid, skrybe_swamp_entry_bodies
Lair:3:   layout_roguey, minmay_snake_entry_guardpost_small, serial_rivers,
          chequers_serial_rivers_room_a, chequers_serial_rivers_room_b,
          chequers_serial_rivers_small_b, chequers_serial_rivers_micro_d,
          chequers_serial_rivers_small_3, chequers_serial_rivers_small_a,
          minivault_11
Lair:4:   layout_small_grid, minmay_slime_entry_oklob_enclosed
Lair:5:   gammafunk_lair_ancient_temple, layout_long_grid,
          grunt_forest_large_clearings
Swamp:1:  layout_basic_swamp, evilmike_swamp_ruin_house_2, swamp_pool_1_2,
          st_swamp_ruins_2
Swamp:2:  layout_falls_marsh, nicolae_swamp_well_well_well, swamp_pool_1_2,
          nicolae_swamp_decorative_isthmus, infiniplex_staircase_pool_2
Swamp:3:  layout_basic_swamp, hangedman_swamp_cone, swamp_pool_5,
          lemuel_altar_in_water, nzn_swamp_stair_ambush
Swamp:4:  swamp_old_school, layout_basic_swamp, nicolae_swamp_small_spring,
          swamp_pool_1_2
Snake:1:  layout_gridlike, hangedman_venom_bottle, grunt_megastairs_2
Snake:2:  layout_cave_town, serial_bayou_shore_a, lemuel_fruit_tree,
          minmay_shop_grove, grunt_megastairs_5, uniq_jorgrun, uniq_nikola
Snake:3:  nicolae_snake_hallway, layout_layer_cave, grunt_ministairs_10
Snake:4:  minmay_snake_end_coiled, layout_grid_shapes, serial_bayou_lagoon_a,
          eino_curves_02, nicolae_snake_gridmaze_big_u
Slime:1:  layout_caves
Slime:2:  layout_caves
Slime:3:  layout_caves
Slime:4:  layout_caves
Slime:5:  slime_pit_nicolae_block_by_block
Orc:1:    orc_temple, layout_diamond_mine, basic_altar, uniq_nergalle
Orc:2:    st_orc_rangers, layout_caves, minmay_shop_enchanted_jewellery,
          nicolae_orc_quarried_blocks
Elf:1:    minmay_elf_arrival_circle, layout_rooms, serial_shops,
          nicolae_shop_advertising_works [nicolae_subvault_shop_adworks],
          nicolae_shop_waterfront, nicolae_shop_trees, shop, shop,
          minmay_elf_necromancy, minmay_shoptagon
Elf:2:    elven_hall_of_blades_hangedman_original
          [nicolae_blade_entry_antechamber], layout_loops_corners, uniq_agnes,
          uniq_saint_roka
Elf:3:    minmay_elf_hall_circle, layout_loops_cross,
          nicolae_trove_entry_columns, basic_altar, minmay_elf_sorcery,
          uniq_roxanne
Vaults:1: portal_desolation_entry_ruin, grunt_vaults_hallway_long,
          nicolae_vaults_windows_and_doors_thing, nicolae_vaults_double_plus_3,
          v_pattern_2, nicolae_vaults_big_ls, v_misc_8,
          nicolae_vaults_layer_cake_slice, nicolae_vaults_weapon_check,
          vaults_room_grunt_arrival_checkpoint, minmay_orc_keep,
          nicolae_vaults_double_plus_2, nicolae_vaults_shipping_containers_7,
          nicolae_vaults_little_squares_2, layout_vaults_omnibox
Vaults:2: v_pattern_1, nicolae_vaults_sightless_eye, vaults_room_large_hall,
          v_misc_24, vaults_dpeg_diagonal, nicolae_vaults_ring_of_whatevers,
          not_door_vault_mu, nicolae_vaults_house_3,
          nicolae_vaults_ring_of_whatevers, vaults_dpeg_hooks,
          nicolae_vaults_display_case, vaults_room_ringed_pool,
          vaults_mumra_minichess_inversion, vaults_room_stairs_pillars,
          layout_vaults_omnicross
Vaults:3: blue_anna_dwarven_crypt, v_misc_17, v_misc_33,
          nicolae_vaults_network_quincunx
          [nicolae_vaults_network_quincunx_subvault,
          nicolae_vaults_network_quincunx_subvault,
          nicolae_vaults_network_quincunx_subvault,
          nicolae_vaults_network_quincunx_subvault,
          nicolae_vaults_network_quincunx_subvault], nicolae_vaults_turnstiles,
          hangedman_vaults_hat, vaults_room_semicircle, v_misc_1,
          ontoclasm_vaults_chip, layout_vaults_quadrants, uniq_boris
Vaults:4: nzn_ghost_randoct, hangedman_vaults_snaps,
          vaults_standard_mumra_enter_the_diamond, nicolae_vaults_statue_guard,
          nicolae_vaults_mini_display_case, v_misc_11,
          nicolae_vaults_tetromino_Z_2, ontoclasm_vaults_gateway,
          layout_vaults_big_room
Vaults:5
Crypt:1:  layout_gridlike, nicolae_nh_vlads_tower
Crypt:2:  layout_regular_city, fountainhead
Crypt:3:  lightli_unholy_cathedral, layout_chaotic_city,
          nicolae_tomb_entry_unfolded_pyramid_diagonal, st_stairs_9
Tomb:1
Tomb:2
Tomb:3
Depths:1: layout_forbidden_donut, enter_ziggurat_a, hangedman_tar_grid_catacomb,
          gammafunk_ghost_ooze, nicolae_elyvilon_peaceful_grove,
          nicolae_wu_jian_immortal_techniques
Depths:2: minmay_the_grid_triangle_9x9_recursive_2_mashed
          [minmay_the_grid_triangle_9x9_prize_top_heavy,
          minmay_the_grid_triangle_9x9_tough_junction,
          minmay_the_grid_triangle_9x9_subtriangle,
          minmay_the_grid_triangle_9x9_minimal], layout_basic,
          rand_demon_pan_entry_7, pf_vacation_house_of_asmodeus,
          kennysheep_pointless_box, grunt_ministairs_1,
          kennysheep_random_hallway
Depths:3: mu_elemental_laboratory, layout_basic, chequers_serial_rivers_small_b,
          abyss_entry, grunt_hell_entry_dis_mu, nicolae_shop_vocational,
          infiniplex_staircase_zigzag_5, uniq_mara
Depths:4: evilmike_zot_entry_basic, layout_basic, hell_entry, tso_metal_star,
          hangedman_glass_teeth, uniq_xtahua
Hell
Dis:1:    layout_jigsaw, nicolae_dis_strange_trophy_room
Dis:2:    layout_gridville, nicolae_dis_fourth_circle
Dis:3:    layout_gridville
Dis:4:    layout_subdivisions
Dis:5:    layout_subdivisions
Dis:6:    layout_subdivisions
Dis:7:    dis_hangedman
Geh:1:    layout_gehenna_pools_basic
Geh:2:    nicolae_geh_i_lava_good_maze [nicolae_geh_lavamaze_orthhalf_field,
          nicolae_geh_lavamaze_orthhalf_recurse]
Geh:3:    layout_gehenna_pools_basic
Geh:4:    layout_gehenna_pools_basic
Geh:5:    layout_gehenna_lava_caves
Geh:6:    layout_gehenna_pools_box, nicolae_geh_lava_rosette
Geh:7:    geh_hangedman
Coc:1:    layout_ice_bergs
Coc:2:    layout_cocytus_water_paths
Coc:3:    layout_ice_bergs
Coc:4:    layout_cocytus_water_paths
Coc:5:    layout_ice_bergs
Coc:6:    layout_cocytus_delve
Coc:7:    coc_dpeg
Tar:1:    layout_grid_maze, nicolae_tar_cuneiform_not
Tar:2:    layout_catacombs, lemuel_nasty_fountain
Tar:3:    layout_honeycomb
Tar:4:    layout_grid_maze
Tar:5:    layout_grid_maze, nicolae_tar_cuneiform_not
Tar:6:    layout_cathedral_of_symmetry
Tar:7:    tar_mu [tar_mu_maze]
Zot:1:    grunt_zot_stairs_mandelzot, layout_onion_interference,
          skrybe_zot_glass_1
Zot:2:    layout_misc_corridors, regret_index_zotdec_banners,
          hangedman_zot_decor_checkerboard
Zot:3:    layout_cellular_growth, st_stairs_11
Zot:4:    layout_misc_corridors, regret_index_zotdec_barnacled_alternative,
          st_single_dragon_hoard_3
Zot:5:    layout_cathedral_of_symmetry, hangedman_zot_diagonal_lockstep,
          uniq_tiamat

Skill      XL: |  1  2  3  4  5  6  7  8  9 10 11 12 13 14 15 16 17 18 19 20 21 22 23 24 25 26 27 |
---------------+----------------------------------------------------------------------------------+-----
Alchemy        | 4 5 6 |  6.0
Conjurations   | 3 5 6 9 12 14 15 17 18 22 24 25 26 | 26.0
Fire Magic     | 3 5 19 | 19.9
Air Magic      | 3 6 10 14 16 17 19 20 21 22 24 25 | 25.2
Spellcasting   | 4 9 10 12 14 15 16 17 19 20 22 | 22.0
Dodging        | 5 6 10 | 10.0
Fighting       | 6 10 14 15 22 | 22.0
Invocations    | 3 10 12 15 16 18 19 | 19.0
Shields        | 5 8 11 13 15 | 15.0
Stealth        | 7 10 18 | 18.0
Translocations | 4 9 10 15 | 15.0
Evocations     | 9 10 12 17 | 17.2
Earth Magic    | 25 | 25.0
Shapeshifting  | 23 | 23.0
Summonings     | 5 |  5.0
Staves         | 12 | 12.0

Action                     |  1- 3 |  4- 6 |  7- 9 | 10-12 | 13-15 | 16-18 | 19-21 | 22-24 | 25-27 || total
---------------------------+-------+-------+-------+-------+-------+-------+-------+-------+-------++-------
  Melee: Hand axe          |    69 |   136 |    60 |       |       |       |       |       |       ||   265
         Tailslap          |     4 |    21 |    18 |     9 |    30 |     4 |    31 |    65 |   467 ||   649
         Unarmed           |     1 |       |       |       |       |       |       |       |       ||     1
         Mace              |       |       |    35 |    88 |    25 |       |       |       |       ||   148
         Staff             |       |       |       |       |   104 |       |   143 |   192 |  1854 ||  2293
         Spear             |       |       |       |       |    22 |    18 |       |    29 |       ||    69
         Headbutt          |       |       |       |       |       |       |       |       |   134 ||   134
   Cast: Sting             |     5 |    72 |   239 |     7 |       |       |       |       |       ||   323
         Sticky Flame      |       |       |     5 |     4 |     3 |     7 |     1 |       |       ||    20
         Arcjolt           |       |       |     2 |    32 |    77 |    46 |    54 |    77 |    11 ||   299
         Airstrike         |       |       |     2 |   110 |   428 |   691 |   448 |   199 |   106 ||  1984
         Summon Lightning  |       |       |       |    38 |    99 |    64 |    74 |    69 |     9 ||   353
         Maxwell's Capacit |       |       |       |       |     1 |     1 |     2 |    76 |   157 ||   237
         Conjure Ball Ligh |       |       |       |       |       |    77 |    65 |    53 |    18 ||   213
         Plasma Beam       |       |       |       |       |       |     5 |   306 |   281 |   440 ||  1032
         Apportation       |       |       |       |       |       |       |     1 |       |     3 ||     4
         Passage of Golubr |       |       |       |       |       |       |       |    11 |     3 ||    14
         Bombard           |       |       |       |       |       |       |       |    13 |    16 ||    29
         Dispersal         |       |       |       |       |       |       |       |     7 |    26 ||    33
         Lehudib's Crystal |       |       |       |       |       |       |       |       |   380 ||   380
         Spellforged Servi |       |       |       |       |       |       |       |       |   367 ||   367
         Chain Lightning   |       |       |       |       |       |       |       |       |   210 ||   210
         Shatter           |       |       |       |       |       |       |       |       |    81 ||    81
         Starburst         |       |       |       |       |       |       |       |       |    27 ||    27
         Disjunction       |       |       |       |       |       |       |       |       |     4 ||     4
         Death's Door      |       |       |       |       |       |       |       |       |     1 ||     1
 Invoke: Channel Magic     |       |       |       |       |       |       |     3 |     6 |    46 ||    55
         Divine Exegesis   |       |       |       |       |       |       |       |       |     5 ||     5
Ability: Steam Breath      |       |       |     4 |     4 |     4 |     1 |       |       |     3 ||    16
         Begin Untransform |       |       |       |       |       |       |       |       |     4 ||     4
  Evoke: Box of beasts     |       |       |       |     1 |       |     1 |       |       |       ||     2
         Wand              |       |       |       |       |       |       |     9 |       |    65 ||    74
         Lightning rod     |       |       |       |       |       |       |       |       |    17 ||    17
         Phantom mirror    |       |       |       |       |       |       |       |       |     2 ||     2
    Use: Scroll            |     1 |       |       |     1 |    23 |     8 |     6 |     9 |    59 ||   107
         Potion            |     1 |       |       |     1 |       |       |     3 |     6 |    57 ||    68
   Stab: Sleeping          |     1 |     5 |       |       |       |       |       |       |     1 ||     7
         Distracted        |       |     1 |       |     2 |     4 |       |    10 |     3 |    43 ||    63
 Armour: Skin              |    57 |    93 |   163 |   165 |   223 |   302 |   344 |   505 |  1874 ||  3726
  Dodge: Dodged            |    61 |    96 |   142 |   108 |   151 |    65 |   270 |   421 |  1916 ||  3230
         Repelled          |       |       |       |     5 |    25 |    83 |    47 |    58 |    50 ||   268
  Block: Buckler           |       |       |       |       |   198 |   100 |       |       |       ||   298
         Reflection        |       |       |       |       |    31 |    32 |     2 |       |       ||    65
         Kite shield       |       |       |       |       |       |    27 |   304 |   404 |  2620 ||  3355
   Form: Death             |       |       |       |       |       |       |       |       |     5 ||     5

Table legend: (Time is in decaauts)
 A = Elapsed time spent in this place.
 B = Non-inter-level travel time spent in this place.
 C = Inter-level travel time spent in this place.
 D = Time resting spent in this place.
 E = Time spent auto-exploring this place.
 F = Levels seen in this place.
 G = Mean time per level.
                   A        B        C        D        E       F      G
               +--------+--------+--------+--------+--------+-----+--------+
         Total | 164553 | 150910 |  13643 |  32153 |  91574 | 137 | 1201.1 |
       Dungeon |  23328 |  20762 |   2566 |   1520 |  16559 |  15 | 1555.2 |
        Temple |     42 |      1 |     41 |      0 |      0 |   1 |   42.0 |
          Lair |   9145 |   8170 |    975 |    959 |   6368 |   5 | 1829.0 |
         Swamp |   6268 |   6008 |    260 |    983 |   4395 |   4 | 1567.0 |
     Snake Pit |  10106 |   9408 |    698 |    836 |   7456 |   4 | 2526.5 |
    Slime Pits |   4303 |   3999 |    304 |    980 |   2475 |   5 |  860.6 |
  Orcish Mines |   3381 |   3228 |    153 |    273 |   2460 |   2 | 1690.5 |
   Elven Halls |   8297 |   7515 |    782 |   2516 |   3933 |   3 | 2765.7 |
        Vaults |  18377 |  17062 |   1315 |   2204 |  12143 |   5 | 3675.4 |
         Crypt |   9240 |   8614 |    626 |    903 |   6396 |   3 | 3080.0 |
          Tomb |   3077 |   2503 |    574 |    729 |   1214 |   3 | 1025.7 |
        Depths |  15065 |  13494 |   1571 |   4211 |   7739 |   4 | 3766.2 |
          Hell |   4614 |   4217 |    397 |   3225 |    680 |   1 | 4614.0 |
           Dis |   3298 |   2709 |    589 |    719 |   1327 |   7 |  471.1 |
       Gehenna |   5384 |   4846 |    538 |    777 |   3089 |   7 |  769.1 |
       Cocytus |   5295 |   4681 |    614 |    759 |   2963 |   7 |  756.4 |
      Tartarus |   2280 |   1833 |    447 |    360 |   1000 |   7 |  325.7 |
           Zot |  11878 |  10693 |   1185 |   2685 |   6781 |   5 | 2375.6 |
         Abyss |   3310 |   3310 |      0 |   1267 |    162 |   6 |  551.7 |
   Pandemonium |  11898 |  11898 |      0 |   5529 |    654 |  23 |  517.3 |
      Ziggurat |   2914 |   2914 |      0 |    521 |   1744 |  16 |  182.1 |
         Trove |     43 |     43 |      0 |      0 |      0 |   1 |   43.0 |
         Sewer |    573 |    573 |      0 |     26 |    391 |   1 |  573.0 |
       Ossuary |    207 |    207 |      0 |     71 |     24 |   1 |  207.0 |
    Desolation |   2216 |   2216 |      0 |     98 |   1618 |   1 | 2216.0 |
               +--------+--------+--------+--------+--------+-----+--------+

Top non-repeatable levels by time:
Depths:3: 5014 daAuts
Vaults:1: 4711 daAuts
    Hell: 4614 daAuts
Depths:4: 4250 daAuts
 Crypt:3: 3820 daAuts
Vaults:3: 3782 daAuts
Depths:1: 3775 daAuts
Vaults:5: 3486 daAuts
Vaults:2: 3479 daAuts
   Zot:2: 3261 daAuts
   Elf:2: 3157 daAuts
   Elf:3: 3087 daAuts
 Slime:5: 3060 daAuts
Vaults:4: 2917 daAuts
    D:15: 2911 daAuts
